 Dungeon Crawl Stone Soup version 0.31-a0-875-g02e7d12df6 (webtiles) character file.

Game seed: 10050147441609912195

1511961 MackTheKnife the Acrobat (level 27, 254/254 HPs)
             Began as a Green Draconian Artificer on Oct 11, 2023.
             Was an Initiate of Gozag.
             Escaped with the Orb
             ... and 3 runes on Oct 12, 2023!
             The game lasted 03:59:44 (93545 turns).

MackTheKnife the Acrobat (DrAr)                    Turns: 93545, Time: 03:59:45

Health: 254/254    AC: 24    Str: 12    XL:     27
Magic:  55/55      EV: 40    Int: 14    God:    Gozag
Gold:   1073       SH: 26    Dex: 29    Spells: 11/46 levels left

rFire   + . .        M - +8 demon blade (freeze) {long}
rCold   + + +        r - +4 kite shield {rPois}
rNeg    + + +        (body armour unavailable)
rPois   +            O - +2 hat
rElec   +            Z - +1 cloak of Starlight {*Dazzle EV+4 Stlth--}
rCorr   .            l - +3 pair of gauntlets of War {Slay+5}
SInv    .            s - +2 pair of boots {Stlth+}
Will    ++...        T - amulet "Fidghucs" {Spirit *Corrode rN++ Dex+7}
Stlth   ++           c - ring "Apnuafom" {Fly rF+ MP+9 Slay+3}
HPRegen 0.62/turn    I - ring of Lipsubid {rElec rC+++ rN+ MP+9 Str-4, =R}
MPRegen 0.34/turn

%: corrode self (3%), guardian spirit
@: maw-form, flying, studying 3 skills
A: devouring maw, breathe noxious fumes, AC +13, unfitting armour, stinger 2,
poison resistance, cold-blooded, large bone plates 1
0: Orb of Zot
}: 3/15 runes: serpentine, barnacled, silver
a: Breathe Noxious Fumes, Begin Untransformation, Renounce Religion, Potion
Petition, Call Merchant, Bribe Branch


You escaped.
You worshipped Gozag.
Gozag was most pleased with you.
You were a creature with a mouth for a stomach.
You visited 10 branches of the dungeon, and saw 50 of its levels.
You visited the Abyss 1 time.
You visited 1 bazaar.
You visited 1 ziggurat, and saw 6 of its levels.
You also visited: Trove and Bailey.

You collected 29601 gold pieces.
You spent 8936 gold pieces at shops.
You paid 19592 gold pieces to Gozag.


Innate Abilities, Weirdness & Mutations

You are a creature with a mouth for a stomach.
Your midsection houses a second, enormous mouth.
You can breathe blasts of noxious fumes.
Your lurid green scales are hard. (AC +13)
You cannot fit into any form of body armour.
Your tail ends in a sharp venomous barb.
Your system is resistant to poisons. (rPois)
You are cold-blooded and may be slowed by cold attacks.
You are partially covered in large bone plates. (SH +4)


   Skills:
 - Level 22.0 Fighting
 - Level 14.0(15.4) Short Blades
 - Level 11.1(14.0) Long Blades
 + Level 22.5 Dodging
 - Level 9.0 Stealth
 - Level 18.1 Shields
 - Level 10.0 Spellcasting
 - Level 12.0 Conjurations
 - Level 8.0 Hexes
 - Level 9.0 Transmutations
 - Level 10.0 Ice Magic
 - Level 10.0 Air Magic
 - Level 10.1 Poison Magic
 - Level 8.0 Evocations
 - Level 10.0 Shapeshifting


You had 11 spell levels left.
You knew the following spells:

 Your Spells              Type           Power      Damage    Failure   Level
a - Freeze                Ice            100%       1d10      1%          1
b - Frozen Ramparts       Ice            70%        1d11      1%          3
c - Irradiate             Conj/Tmut      18%        3d17      6%          5
d - Yara's Violent Unrav  Hex/Tmut       15%        3d8       14%         5
e - Olgreb's Toxic Radia  Pois           35%        N/A       2%          4
f - Mephitic Cloud        Conj/Pois/Air  37%        N/A       1%          3
g - Wereblood             Tmut           32%        N/A       1%          2
h - Freezing Cloud        Conj/Ice/Air   18%        6-21      6%          5
i - Ignite Poison         Fire/Tmut/Pois 24%        N/A       3%          3
j - Apportation           Tloc           14%        N/A       17%         1
k - Swiftness             Air            35%        N/A       1%          3

Your spell library contained the following spells:

 Spells                   Type           Power      Damage    Failure   Level
 Foxfire                  Conj/Fire      92%        2x1d8     1%          1
 Magic Dart               Conj           100%       1d8       1%          1
 Slow                     Hex            100%       N/A       1%          1
 Sting                    Tmut/Pois      100%       1d8       1%          1
 Cigotuvi's Dreadful Rot  Necr/Pois/Air  50%        N/A       1%          2
 Ensorcelled Hibernation  Hex/Ice        64%        N/A       1%          2
 Jinxbite                 Hex            58%        N/A       1%          2
 Poisonous Vapours        Pois/Air       70%        N/A       1%          2
 Searing Ray              Conj           80%        2d7       1%          2
 Confusing Touch          Hex            29%        N/A       1%          3
 Hailstorm                Conj/Ice       37%        3d9       1%          3
 Sigil of Binding         Hex            29%        N/A       1%          3
 Tukima's Dance           Hex            29%        N/A       1%          3
 Fulminant Prism          Conj/Hex       17%        3d10      2%          4
 Passwall                 Tmut/Erth      15%        N/A       4%          2
 Alistair's Intoxication  Tmut/Pois      22%        N/A       9%          5
 Inner Flame              Hex/Fire       18%        N/A       10%         3
 Summon Guardian Golem    Hex/Summ       18%        N/A       10%         3
 Flame Wave               Conj/Fire      23%        2d8       14%         4
 Iskenderun's Mystic Bla  Conj/Tloc      23%        2d6       14%         4
 Sticky Flame             Conj/Fire      23%        2d4       14%         4
 Necrotise                Necr           28%        1d5       17%         1
 Summon Lightning Spire   Summ/Air       21%        N/A       22%         4
 Blink                    Tloc           14%        N/A       26%         2
 Call Imp                 Summ           14%        N/A       26%         2
 Sublimation of Blood     Necr           7%         N/A       26%         2
 Petrify                  Tmut/Erth      19%        N/A       26%         4
 Vampiric Draining        Necr           7%         2d6       45%         3
 Volatile Blastmotes      Fire/Tloc      14%        2d11      45%         3
 Eringya's Noxious Bog    Tmut/Pois      16%        4d6       45%         6
 Summon Mana Viper        Hex/Summ       18%        N/A       65%         5
 Orb of Destruction       Conj           20%        9d8       71%         7
 Dispel Undead            Necr           7%         3d8       86%         4
 Manifold Assault         Tloc           7%         N/A       86%         4
 Passage of Golubria      Tloc           7%         N/A       86%         4
 Starburst                Conj/Fire      11%        6d5       91%         6
 Ozocubu's Refrigeration  Ice            17%        4d11      93%         7
 Plasma Beam              Fire/Air       10%        2x1d21    97%         6
 Agony                    Necr           7%         N/A       99%         5
 Borgnjor's Vile Clutch   Necr/Erth      3%         N/A       99%         5
 Summon Forest            Summ/Tloc      3%         N/A       99%         5
 Death Channel            Necr           3%         N/A       100%        6
 Dispersal                Tloc           3%         N/A       100%        6
 Malign Gateway           Summ/Tloc      3%         N/A       100%        7
 Spellforged Servitor     Conj/Summ      11%        N/A       100%        7
 Summon Hydra             Summ           3%         N/A       100%        7
 Discord                  Hex            14%        N/A       100%        8
 Disjunction              Tloc           3%         N/A       100%        8
 Ignition                 Fire           3%         3d4       100%        8
 Summon Horrible Things   Summ           3%         N/A       100%        8
 Polar Vortex             Ice            17%        12d2*     100%        9
 Simulacrum               Ice/Necr       Unusable   N/A       N/A         6

Inventory:

Hand Weapons
 a - the +4 rapier "Ogre's Death Toll" {heavy, Will+, short}
   (You bought it in a shop on level 2 of the Vaults)

   Will+:     It increases your willpower.
 M - a +8 demon blade of freezing (weapon) {long}
   (You took it off a hell knight on level 3 of the Depths)
Armour
 l - the +3 pair of gauntlets of War (worn) {Slay+5}
   (You bought it in a shop on level 5 of the Vaults)

   Slay+5:    It affects your accuracy & damage with ranged weapons and melee
   (+5).
 r - a +4 kite shield of poison resistance (worn)
   (You took it off a tengu warrior on level 14 of the Dungeon)
 s - a +2 pair of boots of stealth (worn)
   (You bought it in a shop on level 10 of the Dungeon)
 O - a +2 hat (worn)
   (You found it on level 3 of the Depths)
 Z - the +1 cloak of Starlight (worn) {*Dazzle EV+4 Stlth--}
   (You acquired it on level 1 of the Depths)

   *Dazzle:   It may blind those who miss an attack against the wearer in melee
   combat.
   EV+4:      It affects your evasion (+4).
   Stlth--:   It makes you much less stealthy.
Jewellery
 b - a +6 ring of intelligence
   (You found it on level 3 of the Crypt)
 c - the ring "Apnuafom" (left hand) {Fly rF+ MP+9 Slay+3}
   (You took it off a naga on level 1 of the Snake Pit)

   [ring of flight]

   Slay+3:    It affects your accuracy & damage with ranged weapons and melee
   (+3).
   rF+:       It protects you from fire.
   MP+9:      It affects your magic capacity (+9).
   Fly:       It grants you flight.
 d - a ring of see invisible
   (You found it on level 2 of the Shoals)
 e - a ring of willpower
   (You found it on level 1 of the Elven Halls)
 I - the ring of Lipsubid (right hand) {rElec rC+++ rN+ MP+9 Str-4, =R}
   (You bought it in a shop on level 8 of the Dungeon)

   [ring of positive energy]

   Str-4:     It affects your strength (-4).
   rC+++:     It renders you almost immune to cold.
   rElec:     It insulates you from electricity.
   rN+:       It protects you from negative energy.
   MP+9:      It affects your magic capacity (+9).
 T - the amulet "Fidghucs" (around neck) {Spirit *Corrode rN++ Dex+7}
   (You bought it in a shop on level 11 of the Dungeon)

   [amulet of guardian spirit]

   Spirit:    It causes incoming damage to be divided between your reserves of
   health and magic.
   Dex+7:     It affects your dexterity (+7).
   rN++:      It greatly protects you from negative energy.
   *Corrode:  It may corrode you when you take damage.
Talismans
 K - a maw talisman (active)
   (You found it on level 4 of the Dungeon)
Wands
 h - a wand of roots (27)
   (You found it on level 15 of the Dungeon)
 q - a wand of mindburst (44)
   (You took it off Maurice on level 9 of the Dungeon)
 v - a wand of light (15)
   (You found it on level 4 of the Shoals)
 x - a wand of digging (13)
   (You found it on level 5 of the Dungeon)
 A - a wand of charming (68)
 C - a wand of flame (43)
   (You found it on level 11 of the Dungeon)
 P - a wand of polymorph (20)
   (You found it on level 2 of the Lair of Beasts)
Scrolls
 f - 9 scrolls of immolation {!r!r}
 i - 16 scrolls of teleportation {@r4}
 k - 4 scrolls of fog
 z - 5 scrolls of vulnerability {!r!r}
 B - 3 scrolls of silence {!r}
 E - 17 scrolls of fear
 G - a scroll of butterflies
 V - 7 scrolls of blinking {!r}
 Y - 9 scrolls of poison
Potions
 g - 10 potions of curing {@q1}
 j - 7 potions of might
 m - 4 potions of cancellation
 n - 4 potions of enlightenment
 p - 10 potions of brilliance
 u - 3 potions of magic
 F - 11 potions of resistance
 H - 6 potions of invisibility
 L - 4 potions of ambrosia
 N - 10 potions of heal wounds {@q2}
 Q - 2 potions of mutation {!q}
 R - 7 potions of haste {@q3}
Miscellaneous
 t - a box of beasts
   (You found it on level 4 of the Dungeon)
 y - a phantom mirror
   (You bought it in a shop on level 2 of the Dungeon)
 D - a phial of floods (inert)
   (You bought it in a shop on level 8 of the Dungeon)
 W - a lightning rod (4/4)
   (You found it on level 15 of the Dungeon)
 X - a condenser vane
   (You found it on level 15 of the Dungeon)

Dungeon Overview and Level Annotations

Branches:
Dungeon (15/15)            Temple (0/1) D:7            Lair (5/5) D:9
 Shoals (4/4) Lair:3        Snake (4/4) Lair:2        Slime (0/5) Lair:4
    Orc (2/2) D:10            Elf (3/3) Orc:2        Vaults (5/5) D:14
  Crypt (3/3) Vaults:2       Tomb (0/3) Crypt:3      Depths (4/4) D:15
    Zot (5/5) Depths:4     Bailey (visited)

Altars:
Ashenzari
Cheibriados
Dithmenos
Elyvilon
Fedhas
Gozag
Hepliaklqana
Kikubaaqudgha
Makhleb
Nemelex Xobeh
Qazlal
Ru
Uskayaw
Vehumet
Zin
The Shining One
Jiyva

Shops:
D:2 *   D:8 *(   D:10 [   D:11 =   D:13 (   D:15 ([([:   Orc:1 (   Orc:2 =[?*
Elf:1 [[   Elf:3 (   Shoals:3 :   Snake:2 [:==   Vaults:2 (!(   Vaults:5 *
Depths:3 =

Portals:
Hell: Depths:1 Depths:2 Depths:3 Depths:4
Abyss: Orc:1 Depths:1 Depths:3
Pandemonium: Orc:2 Depths:2

Annotations:
D:2 1 runed translucent door, Crazy Yiuf
D:5 2 transporters
D:13 exclusions: centaur warrior and 4 skeletal warriors
D:14 exclusion: 2 skeletal warriors
Lair:3 exclusion: oklob plant
Shoals:2 exclusion: kraken
Shoals:3 exclusion: kraken
Shoals:4 exclusion: kraken
Orc:1 2 transporters, Ecig's ghost, journeyman DrSh
Elf:2 3 runed translucent doors
Vaults:4 MENNAS
Crypt:1 exclusion: curse skull
Depths:2 2 exclusions
Zot:5 exclusion: 3 upstairs

#...#######'''#######...#....
#...#o#...........#o#...####.
#...###..8.###.8..###........
#...#≈.............≈#...#####
#...#§.............≈#...####
#...#§≈§.§........§§#...##.##
#...#§≈§≈§......≈≈§≈#.....#.#
#...#≈≈§§§≈≈.≈≈§≈≈§§#.....#.#
##..#≈≈≈≈≈≈≈W§≈§≈≈§≈#..#####.
#..#################..# ##
#.....................#
#.....................#
############...#####..# ###.#
#.## #.# #.# #.# ##.#
#.####..#


You could see 2 orcs.


Message History

You kill the Orb Guardian!
You now have 1065 gold pieces (gained 23). 😮 HP[+1] MP[+1] 😮 HP[+1]
What level of the Dungeon? (default 1, ? - help)
A smoke demon comes into view. 😕 HP[+25] MP[+14]
You regained 25 hp, and now have 197/254 hp.
Your mp is fully restored (55). 😕 HP[+1] 😕 HP[+1] 😕 HP[+1] 😕 HP[+1] 😕 HP[+1] 😕 HP[+1] 😕 HP[+1] 😕 HP[+1]
There is a stone staircase leading up here. 😕 HP[+1]
You fly upwards.
There is a stone staircase leading down here. 😕 HP[+2]
You regained 2 hp, and now have 208/254 hp.
What level of the Dungeon? (default 1, ? - help)
There is a stone staircase leading up here.
You fly upwards.
There is a stone staircase leading down here.
Things that are here:
a +0 whip {mace}; a +0 ring mail; a +0 flail {mace}
There is a stone staircase leading up here.
You fly upwards.
There is a stone staircase leading down here.
A tormentor comes into view. 😕 HP[+23]
You regained 23 hp, and now have 231/254 hp.
Unknown command.
As you read the scroll of fog, it dissolves into smoke. 😕 HP[+1]
You see here a +0 broad axe {axe}. 😕 HP[+1] 😕 HP[+1] 😕 HP[+1] 😕 HP[+1] 😕 HP[+1]
You see here 7 stones {throwing}. 😕 HP[+1] 😕 HP[+1] 😕 HP[+1]
There is a stone staircase leading up here. 😕 HP[+1]
You fly upwards.
There is a stone staircase leading down here. 😕 HP[+2]
You regained 2 hp, and now have 243/254 hp.
What level of the Dungeon? (default 1, ? - help)
A hellion comes into view.
The hellion gives a hideous shriek! 😎 HP[+11]
Your hp is fully restored (254).
You block the hellion's attack.
You completely miss the hellion. You tail-slap the hellion.
You bite the hellion, but do no damage. You block the hellion's attack.
You barely miss the hellion. Your bite misses the hellion.
You slice the hellion!! You freeze the hellion. You tail-slap the hellion.
You kill the hellion!
You now have 1073 gold pieces (gained 8).
An Orb Guardian comes into view.
There is a stone staircase leading up here.
You fly upwards.
Level annotation: 2 transporters
There is a stone staircase leading down here.
What level of the Dungeon? (default 1, ? - help)
You see here a +0 club {mace}.
A rust devil comes into view.
The rust devil moves out of view.
There is a stone staircase leading up here.
You fly upwards.
There is a stone staircase leading down here.
What level of the Dungeon? (default 1, ? - help)
There is an escape hatch in the ceiling here.
There is a stone staircase leading up here.
You fly upwards.
There is a stone staircase leading down here.
Things that are here:
a +0 leather armour; a +0 club {mace}
There is a stone staircase leading up here.
You fly upwards.
Level annotation: 1 runed translucent door, Crazy Yiuf
There is a stone staircase leading down here.
There is a stone staircase leading up here.
You fly upwards.
There is a stone staircase leading down here.
You see here a staff of death {!astaff}.
You see here a +0 club {mace}.
There is a huge open gate here.
There is an open gate here.
The orc shouts!
The orc shouts!
There is a staircase leading out of the dungeon here.
You have escaped!

Skill      XL: |  1  2  3  4  5  6  7  8  9 10 11 12 13 14 15 16 17 18 19 20 21 22 23 24 25 26 27 |
---------------+----------------------------------------------------------------------------------+-----
Stealth        | 1 2 6 9 |  9.0
Fighting       | 2 3 4 7 8 10 11 12 13 14 15 17 19 20 21 22 | 22.0
Spellcasting   | 1 2 3 6 8 10 | 10.0
Ice Magic      | 1 3 4 6 8 10 | 10.0
Conjurations   | 1 2 4 8 10 12 | 12.0
Dodging        | 3 5 6 9 12 14 15 18 20 22 | 22.5
Shapeshifting  | 7 10 | 10.0
Short Blades   | 4 7 8 10 13 14 | 14.0
Shields        | 9 12 15 17 18 | 18.1
Poison Magic   | 6 10 | 10.1
Evocations     | 5 8 |  8.0
Air Magic      | 3 8 10 | 10.0
Transmutations | 6 7 8 9 |  9.0
Hexes          | 7 8 |  8.0
Long Blades    | 11 | 11.1

Action                     |  1- 3 |  4- 6 |  7- 9 | 10-12 | 13-15 | 16-18 | 19-21 | 22-24 | 25-27 || total
---------------------------+-------+-------+-------+-------+-------+-------+-------+-------+-------++-------
  Melee: Club              |    97 |       |       |       |       |       |       |       |       ||    97
         Tailslap          |    23 |    20 |    48 |   182 |   488 |   557 |   514 |   929 |   117 ||  2878
         Rapier            |    30 |       |       |       |   614 |  2138 |  1752 |  2395 |       ||  6929
         Punch             |     1 |       |     5 |    12 |     7 |       |       |       |       ||    25
         Dagger            |    43 |   128 |   258 |   767 |  1351 |       |       |       |       ||  2547
         Maw               |       |       |       |   345 |  1000 |  1005 |   898 |  1563 |   212 ||  5023
         Demon blade       |       |       |       |       |       |       |       |   393 |   427 ||   820
   Fire: Shortbow          |       |       |       |    13 |       |       |       |       |       ||    13
   Cast: Freeze            |     4 |    21 |     1 |       |       |     1 |       |       |       ||    27
         Frozen Ramparts   |       |     7 |    36 |    72 |    60 |    29 |     1 |       |       ||   205
         Hailstorm         |       |     1 |       |     1 |     2 |       |       |       |       ||     4
         Olgreb's Toxic Ra |       |       |       |       |       |    36 |     1 |       |       ||    37
         Mephitic Cloud    |       |       |       |       |       |    10 |   117 |    28 |     2 ||   157
         Wereblood         |       |       |       |       |       |     5 |    10 |    22 |     9 ||    46
         Freezing Cloud    |       |       |       |       |       |    18 |   119 |    67 |    22 ||   226
         Irradiate         |       |       |       |       |       |       |     7 |    48 |    16 ||    71
         Ignite Poison     |       |       |       |       |       |       |    14 |     3 |     2 ||    19
         Apportation       |       |       |       |       |       |       |       |     2 |       ||     2
         Yara's Violent Un |       |       |       |       |       |       |       |    11 |     2 ||    13
 Invoke: Call Merchant     |       |       |       |     3 |     2 |     2 |     2 |     1 |       ||    10
         Bribe Branch      |       |       |       |       |       |       |       |       |     2 ||     2
Ability: Breathe Noxious F |       |       |    28 |    49 |    69 |    83 |    43 |    15 |     1 ||   288
  Evoke: Wand              |     1 |     7 |     9 |    16 |    46 |    30 |    13 |    13 |     3 ||   138
         Box of beasts     |       |       |       |     3 |     4 |     4 |     2 |     5 |     1 ||    19
         Lightning rod     |       |       |       |       |     2 |    14 |    13 |     7 |     4 ||    40
         Phantom mirror    |       |       |       |       |       |     2 |     1 |     3 |     1 ||     7
         Condenser vane    |       |       |       |       |       |     2 |     2 |     5 |     1 ||    10
         Phial of floods   |       |       |       |       |       |       |       |       |     1 ||     1
    Use: Scroll            |       |     5 |     5 |    11 |    24 |     6 |     9 |    14 |    13 ||    87
         Potion            |       |       |       |     3 |     5 |     5 |     1 |     8 |     8 ||    30
   Stab: Sleeping          |     7 |     4 |     2 |     3 |    19 |    37 |    31 |    16 |     6 ||   125
         Confused          |       |       |     9 |    24 |    65 |    85 |    99 |    32 |     1 ||   315
         Distracted        |       |       |     1 |     1 |    21 |    17 |     8 |    21 |     8 ||    77
         Invisible         |       |       |       |       |     3 |       |       |    41 |    12 ||    56
         Betrayed ally     |       |       |       |       |     1 |       |       |       |       ||     1
         Paralysed         |       |       |       |       |       |       |     1 |       |       ||     1
 Armour: Skin              |   112 |    85 |   130 |   372 |   439 |   576 |   513 |   532 |   193 ||  2952
  Dodge: Dodged            |   131 |    77 |   176 |   404 |   893 |   788 |   568 |  1121 |   335 ||  4493
  Block: Kite shield       |       |       |       |       |   658 |  1172 |   820 |  1435 |   345 ||  4430
   Form: Maw               |       |       |       |     1 |       |       |       |       |       ||     1

Levels and vault maps discovered:
D:1:      lordsloth_arrival_two_stooges, layout_basic, grunt_decor_resistance,
          minmay_misc_feat_cross, chequers_serial_rivers_micro_d,
          minmay_pentomino_p4
D:2:      layout_basic, shapermc_ecumenical_altar_acropolis, serial_shops,
          shop_fountains, uniq_crazy_yiuf_cottage
D:3:      layout_loops_cross, kennysheep_generic_room_4
D:4:      minmay_clustersquares, layout_cave_pools, ebering_ghost_sewer_d,
          kennysheep_orc_chapel
D:5:      gammafunk_steamed_eel, layout_loops_ring,
          pdpol_temple_overflow_zin_treasury_gozag_greed
D:6:      layout_rooms, kennysheep_mini
D:7:      layout_loops_cross, temple_pool_b, uniq_maggie, uniq_prince_ribbit1
D:8:      layout_basic, old_standard_altar, amcnicky_altar_gilded,
          mainiacjoe_overflow_alcove_2, gammafunk_temple_overflow_claw,
          chequers_temple_overflow_statue_of_worship,
          dreamdust_princess_corridor
D:9:      layout_roguey, nicolae_overflow_crystal_walls, dpeg_lair_monsters,
          enter_bailey_5, grunt_ministairs_6, uniq_psyche, uniq_maurice,
          uniq_harold
D:10:     layout_basic, mainiacjoe_overflow_small_starburst,
          minmay_orc_entry_guard_dogs, kennysheep_generic_room_13
D:11:     layout_cave_pods, minivault_23, hangedman_feature_mirror,
          uniq_josephine
D:12:     layout_gridville, tgw_xom
D:13:     layout_cave_pools, enter_trove_2
D:14:     layout_loops_ring, skrybe_vaults_entry_preservation,
          grunt_dithmenos_smoke_and_mirrors, lightli_church_of_beogh, uniq_lodul
D:15:     hangedman_depths_entry_try_elsewhere_first, layout_loops_cross,
          serial_rivers, chequers_serial_rivers_micro_d,
          chequers_serial_rivers_room_b, chequers_serial_rivers_small_b,
          chequers_serial_rivers_small_a, chequers_serial_rivers_micro_a,
          chequers_serial_rivers_room_a, serial_shops,
          nicolae_shop_tiny_real_fake_doors, shop, shop, shop,
          nicolae_shop_tiny_waterfront, elyvilon_altar_3, minmay_st_funbox
Lair:1:   layout_layer_cave
Lair:2:   layout_chaotic_city, guppyfry_snake_entry_garden
Lair:3:   layout_cave_pods, minmay_shoals_entry_hut, lemuel_altar_in_water2,
          grunt_forest_large_clearings
Lair:4:   layout_cave_pods, nicolae_slime_entry_field_trip, lemuel_fruit_fields,
          grunt_megastairs_2
Lair:5:   gammafunk_lair_ancient_temple, layout_loops_ring
Shoals:1: layout_shoals, st_sunken_huts
Shoals:2: layout_shoals, nicolae_shoals_raging_river
Shoals:3: layout_shoals, uniq_mlioglotl
Shoals:4: shoals_end_hangedman, layout_shoals, yaktaur_hedge
Snake:1:  layout_rooms, serial_bayou_ford_a, nicolae_snake_omega,
          serial_bayou_shore_a
Snake:2:  layout_layer_cave, serial_shops, shop, nicolae_integral_box,
          minmay_shop_grove, uniq_aizul
Snake:3:  nicolae_snake_unarmed_stairs_patrol, layout_misc_corridors
Snake:4:  grunt_snake_rune_spirals, layout_concentric_octagons, drop_trap,
          uniq_agnes
Orc:1:    layout_diamond_mine, gammafunk_ghost_abyssal_escape,
          nicolae_orc_stony_grotto, elf_legates, uniq_jorgrun
Orc:2:    pf_orc_diabolical, layout_diamond_mine, uniq_sonja
Elf:1:    nicolae_elf_arrival_fired_up, layout_gridlike,
          hangedman_elf_represent, nicolae_elf_deep_mausoleum
Elf:2:    nicolae_elf_blades_splatter_lattice
          [nicolae_blade_entry_sentries_behind_glass], layout_geoelf_octagon,
          uniq_saint_roka
Elf:3:    minmay_elf_hall_statues, layout_geoelf_octagon, serial_shops,
          shop_statue, nicolae_elf_w_pinch
Vaults:1: nicolae_vaults_border_crossing, nicolae_vaults_theta,
          vaults_room_pools, vaults_room_corners, vaults_room_pool,
          layout_vaults_omnigrid, serial_shops, bzr_entry_road
Vaults:2: st_spiral_rooms, grunt_vaults_focal, nicolae_vaults_trapezoid_3,
          v_rooms_5, vaults_room_grunt_arrival_ludios, vaults_dpeg_doors,
          vaults_mumra_chevron_long, hangedman_vaults_stream, v_alt_pattern_6,
          nicolae_vaults_windows_and_doors_thing, vaults_mumra_minichess,
          blue_anna_dwarven_crypt, nicolae_vaults_tetromino_T_2,
          layout_vaults_big_cross, serial_shops, shop, shop, shop, uniq_jory,
          uniq_donald
Vaults:3: v_misc_30, nicolae_vaults_what_the_h, nicolae_vaults_octagons,
          nicolae_vaults_tetromino_Z_1, v_misc_26,
          nicolae_vaults_twisting_passages, v_misc_11, hangedman_vaults_trim,
          v_misc_16, nicolae_vaults_double_plus_2, v_misc_25,
          ontoclasm_vaults_ring_small, nicolae_vaults_variable_pillar_hall,
          nicolae_vaults_double_plus_1, layout_vaults_omnibox
Vaults:4: nicolae_vaults_wine_cellar, v_rooms_2, v_pattern_2, st_cross,
          vaults_dpeg_cross, v_alt_pattern_3, nicolae_vaults_little_squares_6,
          nicolae_vaults_stairing_the_circle,
          hangedman_vaults_stretched_pinwheel, hangedman_vaults_variations,
          v_alt_pattern_2, vaults_dpeg_ring, v_misc_13,
          nicolae_vaults_little_squares_3, nicolae_vaults_diamond_2,
          layout_vaults_maze_snakey, uniq_mennas
Vaults:5: serial_shops, uniq_sojobo
Crypt:1:  layout_regular_city, minmay_misc_feat_five
Crypt:2:  layout_gridlike
Crypt:3:  evilmike_haunted_forest, uniq_frederick
Depths:1: layout_gridville, hangedman_coc_ice_floe, kennysheep_crisscross,
          minmay_room_of_horrors, minivault_12
Depths:2: minmay_roctagon, layout_long_grid, enter_ziggurat_a,
          nicolae_hell_entry_hellmouth_sunbeams, nicolae_water_bricks,
          grunt_pan_entry_in_and_out, minmay_staircase_statues
Depths:3: minmay_crescents, layout_cave_shapes, hangedman_abyss_or_decor_passed,
          abyss_entry, hangedman_tar_grid_catacomb, serial_shops,
          nicolae_shop_behind_doors, grunt_ministairs_4, moated_statue,
          serial_bayou_shore_b, minmay_staircase_windowed_small
Depths:4: evilmike_zot_entry_argh, layout_honeycomb, minmay_strange_pillars,
          hell_entry, serial_shops, shop, hangedman_decor_push
Zot:1:    layout_misc_corridors
Zot:2:    layout_cathedral_of_symmetry
Zot:3:    layout_onion_interference
Zot:4:    kennysheep_oblong_rooms, layout_basic, uniq_vv
Zot:5:    layout_gridlike, st_stairs_10

Notes
Turn   | Place    | Note
-------+----------+-------------------------------------------
     0 | D:1      | MackTheKnife the Draconian Artificer began the quest for
                  | the Orb.
     0 | D:1      | Reached XP level 1. HP: 16/16 MP: 1/1
     0 | D:1      | magus.rc [v1.9.6]
    40 | D:1      | Reached skill level 1 in Stealth
    77 | D:1      | You pick up a book of Frost and begin reading...
    77 | D:1      | You add the spells Freeze, Frozen Ramparts and Hailstorm to
                  | your library.
   118 | D:1      | Reached XP level 2. HP: 13/24 MP: 2/2
   243 | D:1      | Reached skill level 2 in Fighting
   415 | D:1      | Reached skill level 2 in Stealth
   686 | D:1      | Reached XP level 3. HP: 30/30 MP: 3/3
   697 | D:1      | Learned a level 1 spell: Freeze
   709 | D:1      | You fall into a shaft and drop 1 floor!
  1001 | D:2      | Reached skill level 3 in Fighting
  1343 | D:2      | Found a faded altar of an unknown god.
  1532 | D:2      | Found Dattoum's General Store.
  1540 | D:2      | Bought a potion of heal wounds for 55 gold pieces
  1637 | D:2      | Found a runed translucent door.
  1638 | D:2      | Noticed Crazy Yiuf
  1840 | D:3      | Reached XP level 4. HP: 34/38 MP: 5/5
  1937 | D:3      | Reached skill level 1 in Spellcasting
  1937 | D:3      | Reached skill level 1 in Ice Magic
  2461 | D:3      | Reached XP level 5. HP: 46/46 MP: 7/7
  2759 | D:4      | Noticed a sky beast
  2765 | D:4      | Killed a sky beast
  2766 | D:4      | Reached skill level 4 in Fighting
  2766 | D:4      | Reached skill level 2 in Spellcasting
  2766 | D:4      | Reached skill level 2 in Ice Magic
  2835 | D:4      | Reached skill level 3 in Ice Magic
  2860 | D:4      | Reached XP level 6. HP: 40/52 MP: 2/10
  2925 | D:3      | Learned a level 3 spell: Frozen Ramparts
  2964 | D:4      | Learned a level 3 spell: Hailstorm
  3036 | D:4      | Reached skill level 3 in Spellcasting
  3048 | D:4      | Reached skill level 4 in Ice Magic
  3279 | D:4      | Reached skill level 1 in Conjurations
  3308 | D:4      | Found a runed translucent door.
  3316 | D:4      | Noticed t4s4d4r's ghost (amateur DsFi)
  3700 | D:4      | Your scales start taking on a lurid green colour.
  3700 | D:4      | Reached XP level 7. HP: 54/59 MP: 11/11
  3700 | D:4      | Gained mutation: Your system is resistant to poisons.
                  | (rPois) [Green Draconian growth]
  3730 | D:4      | Reached skill level 2 in Conjurations
  3758 | D:4      | Reached skill level 5 in Ice Magic
  3874 | D:5      | Entered Level 5 of the Dungeon
  3956 | D:5      | Found a transporter.
  3981 | D:5      | Found a transporter.
  4085 | D:5      | You add the spells Tukima's Dance, Passage of Golubria and
                  | Yara's Violent Unravelling to your library.
  4260 | D:5      | Reached skill level 6 in Ice Magic
  4409 | D:5      | Found a glowing silver altar of Zin.
  4565 | D:5      | Reached skill level 3 in Dodging
  4593 | D:5      | Found an opulent altar of Gozag.
  4602 | D:5      | Became a worshipper of Gozag Ym Sagoz the Greedy
  4634 | D:5      | Reached XP level 8. HP: 58/67 MP: 8/12
  4779 | D:5      | Reached skill level 5 in Fighting
  5034 | D:6      | Reached skill level 4 in Dodging
  5265 | D:6      | Reached skill level 6 in Fighting
  5381 | D:6      | Found a white marble altar of Elyvilon.
  5486 | D:7      | Noticed a hornet
  5492 | D:7      | Killed a hornet
  5589 | D:7      | Reached skill level 5 in Dodging
  5619 | D:7      | Reached skill level 7 in Fighting
  5651 | D:7      | Noticed Prince Ribbit
  5667 | D:7      | Killed Prince Ribbit
  5668 | D:7      | Reached XP level 9. HP: 69/79 MP: 7/13
  5866 | D:7      | Found a staircase to the Ecumenical Temple.
  5903 | D:7      | Reached skill level 8 in Fighting
  5903 | D:7      | Reached skill level 6 in Dodging
  5907 | D:7      | Reached skill level 2 in Shapeshifting
  5912 | D:7      | Reached skill level 3 in Shapeshifting
  5990 | D:7      | Reached skill level 4 in Shapeshifting
  6109 | D:7      | Reached skill level 5 in Shapeshifting
  6387 | D:7      | Noticed Maggie
  6558 | D:7      | Killed Maggie
  6559 | D:7      | Reached skill level 6 in Shapeshifting
  7009 | D:8      | Found a blossoming altar of Fedhas.
  7039 | D:8      | Found a snail-covered altar of Cheibriados.
  7172 | D:8      | You pick up a book of Minor Magic and begin reading...
  7172 | D:8      | You add the spells Magic Dart, Call Imp and Mephitic Cloud
                  | to your library.
  7186 | D:8      | Found a radiant altar of Vehumet.
  7187 | D:8      | Found a glowing golden altar of the Shining One.
  7188 | D:8      | Found a sparkling altar of Nemelex Xobeh.
  7401 | D:8      | Found a sacrificial altar of Ru.
  7525 | D:8      | Reached skill level 7 in Shapeshifting
  7525 | D:8      | Reached XP level 10. HP: 87/88 MP: 5/14
  7654 | D:8      | Found a stormy altar of Qazlal.
  7654 | D:8      | Found a hazy altar of Hepliaklqana.
  7655 | D:8      | Found an ancient bone altar of Kikubaaqudgha.
  7780 | D:9      | Found a flagged portal.
  7810 | Bailey   | Entered a bailey
  8333 | Bailey   | Reached skill level 8 in Shapeshifting
  8394 | Bailey   | Noticed an orc warlord
  8601 | Bailey   | You pick up a book of Decay and begin reading...
  8601 | Bailey   | You add the spells Cigotuvi's Dreadful Rot, Dispel Undead
                  | and Death Channel to your library.
  8656 | D:9      | Acquired 731 gold pieces
  8675 | D:9      | Found a burning altar of Makhleb.
  8738 | D:9      | Noticed a death yak
  8835 | D:9      | Noticed a death yak
  8835 | D:9      | Noticed a death yak
  8911 | D:8      | Bought a shimmering silver ring for 155 gold pieces
  8911 | D:8      | Identified the ring of Lipsubid {rElec rC+++ rN+ MP+9
                  | Str-4} (You bought it in a shop on level 8 of the Dungeon)
  8912 | D:8      | Bought an ichor-stained shortbow for 248 gold pieces
  8912 | D:8      | Identified the +5 shortbow "Bimuh" {flame, Will+} (You
                  | bought it in a shop on level 8 of the Dungeon)
  9043 | D:9      | Reached skill level 9 in Shapeshifting
  9220 | D:9      | Found a staircase to the Lair.
  9348 | D:9      | HP: 19/81 [wraith (4)]
  9522 | D:9      | Noticed Harold
  9616 | D:9      | Noticed Psyche
  9618 | D:9      | Noticed Maurice
  9625 | D:9      | Killed Psyche
  9626 | D:9      | Something stole a maw talisman
  9627 | D:9      | Something stole the +5 shortbow "Bimuh" {flame, Will+, bow}
  9632 | D:9      | Something stole 26 poisoned darts {throwing}
  9641 | D:9      | Killed Maurice
  9642 | D:9      | Reached skill level 10 in Shapeshifting
  9642 | D:9      | Reached skill level 2 in Short Blades
  9647 | D:9      | Reached skill level 3 in Short Blades
  9909 | D:9      | Killed a death yak
  9910 | D:9      | Reached skill level 4 in Short Blades
  9910 | D:9      | Reached XP level 11. HP: 84/94 MP: 15/15
 10007 | D:9      | HP: 18/94 [death yak (22)]
 10408 | D:9      | Killed Harold
 10589 | D:10     | Entered Level 10 of the Dungeon
 10663 | D:9      | Killed a death yak
 10668 | D:9      | Killed a death yak
 10669 | D:9      | Reached skill level 9 in Fighting
 10669 | D:9      | Reached skill level 7 in Dodging
 10902 | D:10     | HP: 24/97 [poisoned by a kobold brigand (curare-tipped
                  | dart)]
 11196 | D:10     | Noticed a two-headed ogre
 11212 | D:10     | Killed a two-headed ogre
 11391 | D:10     | Reached skill level 10 in Fighting
 11413 | D:10     | Found a staircase to the Orcish Mines.
 11429 | D:10     | Reached skill level 8 in Dodging
 11562 | D:10     | Found a broken altar of Ashenzari.
 11705 | D:10     | Reached skill level 9 in Dodging
 12167 | D:11     | Noticed a six-headed hydra
 12223 | D:11     | Found a glowing silver altar of Zin.
 12228 | D:11     | Noticed a two-headed ogre
 12252 | D:11     | Killed a two-headed ogre
 12376 | D:11     | Reached XP level 12. HP: 92/106 MP: 16/16
 12382 | D:11     | Reached skill level 10 in Dodging
 12495 | D:11     | Found a hazy altar of Hepliaklqana.
 12640 | D:11     | Noticed Josephine
 12717 | Lair:1   | Entered Level 1 of the Lair of Beasts
 12796 | Lair:1   | Noticed a death yak
 12796 | Lair:1   | Noticed a death yak
 12796 | Lair:1   | Noticed a death yak
 12798 | Lair:1   | Noticed a death yak
 12802 | Lair:1   | Noticed a death yak
 12824 | Lair:1   | Killed a death yak
 12826 | Lair:1   | Noticed a catoblepas
 13115 | D:9      | Killed a death yak
 13121 | D:9      | Killed a death yak
 13122 | D:9      | Reached skill level 11 in Fighting
 13289 | D:9      | Killed a death yak
 13634 | D:9      | Killed a death yak
 13733 | Lair:1   | Killed a catoblepas
 13958 | Lair:1   | Reached skill level 11 in Dodging
 15478 | Lair:2   | Noticed an eight-headed hydra
 15491 | Lair:2   | Killed an eight-headed hydra
 15492 | Lair:2   | Reached skill level 5 in Short Blades
 15847 | Lair:2   | Noticed an eight-headed hydra
 15868 | Lair:2   | Reached skill level 6 in Short Blades
 16483 | Lair:2   | Found a staircase to the Snake Pit.
 17000 | D:11     | Bought the amulet "Fidghucs" {Spirit *Corrode rN++ Dex+7}
                  | for 735 gold pieces
 17257 | Lair:1   | Learned a level 2 spell: Call Imp
 17510 | Lair:3   | Reached skill level 12 in Dodging
 17577 | Lair:3   | Found a hide-covered altar of Uskayaw.
 17583 | Lair:3   | Noticed a catoblepas
 17602 | Lair:3   | Killed a catoblepas
 17603 | Lair:3   | Reached skill level 7 in Short Blades
 17603 | Lair:3   | Reached XP level 13. HP: 116/116 MP: 17/17
 17794 | Lair:3   | Reached skill level 8 in Short Blades
 18057 | Lair:3   | Reached skill level 13 in Dodging
 18216 | Lair:3   | Found a staircase to the Shoals.
 18665 | Lair:4   | Found a viscous altar of Jiyva.
 18665 | Lair:4   | Found a staircase to the Slime Pits.
 18876 | Lair:4   | Reached skill level 3 in Stealth
 19036 | Lair:4   | Reached skill level 4 in Stealth
 19181 | Lair:4   | Reached skill level 5 in Stealth
 19543 | Lair:4   | Reached skill level 6 in Stealth
 19839 | Lair:4   | You pick up a book of the Warp and begin reading...
 19839 | Lair:4   | You add the spells Manifold Assault, Dispersal and
                  | Disjunction to your library.
 19918 | Lair:5   | Entered Level 5 of the Lair of Beasts
 20100 | Lair:5   | Paralysed by a hornet for 2 turns
 20259 | Lair:5   | HP: 22/117 [cane toad (17)]
 20271 | Lair:5   | HP: 27/117 [blink frog (7)]
 20596 | Lair:5   | Reached skill level 12 in Fighting
 20617 | Lair:5   | You pick up a book of Fire and begin reading...
 20617 | Lair:5   | You add the spells Foxfire, Plasma Beam and Starburst to
                  | your library.
 20930 | Lair:5   | Reached skill level 14 in Dodging
 20930 | Lair:5   | Gained mutation: Your tail ends in a venomous barb. [Green
                  | Draconian growth]
 20930 | Lair:5   | Reached XP level 14. HP: 126/126 MP: 18/18
 21303 | Lair:5   | Reached skill level 9 in Short Blades
 21465 | Lair:5   | Identified the +0 trident of Spring {flame, rC+ Str+9 Dex-3
                  | Stlth+}
 21904 | Orc:1    | Entered Level 1 of the Orcish Mines
 21933 | Orc:1    | Noticed an orc warlord
 22131 | Orc:1    | magus.rc [v1.9.6]
 22155 | Orc:1    | Killed an orc warlord
 22347 | Orc:1    | Found a transporter.
 22378 | Orc:1    | Noticed Jorgrun
 22415 | Orc:1    | Found a one-way gate to the infinite horrors of the Abyss.
 22425 | Orc:1    | Found a transporter.
 22570 | D:10     | Bought a pair of runed boots for 232 gold pieces
 22619 | D:11     | Reached skill level 10 in Short Blades
 22751 | D:11     | Killed Josephine
 22752 | D:11     | Reached skill level 1 in Shields
 22791 | D:10     | Reached skill level 2 in Shields
 22885 | D:11     | Reached skill level 3 in Shields
 23340 | D:11     | You add the spells Sting, Poisonous Vapours and Olgreb's
                  | Toxic Radiance to your library.
 23347 | D:11     | Learned a level 4 spell: Olgreb's Toxic Radiance
 23367 | D:12     | Reached skill level 4 in Shields
 23457 | D:12     | Identified the ring "Uveyqi" {rF+ Dex+3}
 24031 | D:13     | Found a portal to a secret trove of treasure.
 24111 | D:13     | Reached skill level 5 in Shields
 24766 | D:14     | Found a shadowy altar of Dithmenos.
 24790 | D:14     | Reached skill level 6 in Shields
 24981 | D:14     | Reached skill level 7 in Shields
 25269 | D:14     | Reached skill level 8 in Shields
 25828 | D:14     | Reached skill level 9 in Shields
 25833 | D:14     | Found a gate to the Vaults.
 25871 | D:14     | Noticed Lodul
 25875 | D:14     | Killed Lodul
 26106 | D:14     | Found a runed translucent door.
 26361 | D:14     | Reached XP level 15. HP: 120/132 MP: 19/19
 26474 | D:14     | Reached skill level 10 in Shields
 27300 | D:15     | Entered Level 15 of the Dungeon
 27302 | D:15     | Found Muicy's Armour Emporium.
 27464 | D:15     | Found Onli's Book Shop.
 27521 | D:15     | Reached skill level 11 in Shields
 27684 | D:15     | Found a white marble altar of Elyvilon.
 27729 | D:15     | Found a runed translucent door.
 27730 | D:15     | Noticed a tengu reaver
 27733 | D:15     | Found Sink's Antique Armour Shoppe.
 27743 | D:15     | Identified the ring of Foqive {*Slow rElec rCorr Dex+4
                  | Stlth+}
 27766 | D:15     | Bought a glowing cloak for 210 gold pieces
 27830 | D:15     | Found a staircase to the Depths.
 27992 | D:15     | Found Imier's Antique Weapon Shop.
 28040 | D:15     | Found Ficzihouna's Weapon Shoppe.
 28140 | D:15     | Reached skill level 12 in Shields
 28932 | D:15     | Killed a tengu reaver
 29097 | D:15     | You pick up a book of the Warp and begin reading...
 29106 | D:15     | Identified the staff of Gozag's Scorn {+Blink rN+ Necro}
 29271 | Orc:2    | Entered Level 2 of the Orcish Mines
 29362 | Orc:2    | Noticed Sonja
 29368 | Orc:2    | Reached skill level 13 in Fighting
 29368 | Orc:2    | Reached skill level 1 in Poison Magic
 29373 | Orc:2    | You are cast into the Abyss!
 29373 | Abyss:2  | Cast into level 2 of the Abyss (Sonja)
 29667 | Abyss:2  | Found a corrupted altar of Lugonu.
 29839 | Abyss:2  | Noticed a tentacled starspawn
 29856 | Abyss:2  | Killed a tentacled starspawn
 29857 | Abyss:2  | Reached skill level 7 in Stealth
 29916 | Abyss:2  | Noticed a tentacled starspawn
 29957 | Abyss:2  | Killed a tentacled starspawn
 30125 | Abyss:3  | Reached skill level 8 in Stealth
 30146 | Abyss:3  | Found a corrupted altar of Lugonu.
 30266 | Abyss:3  | Noticed a black draconian knight
 30277 | Abyss:3  | Found a corrupted altar of Lugonu.
 30498 | Orc:2    | You pass through the gate.
 30498 | Orc:2    | Escaped the Abyss
 30511 | Orc:2    | Killed Sonja
 31001 | Orc:2    | Found a staircase to the Elven Halls.
 31089 | Orc:2    | Reached skill level 9 in Stealth
 31452 | Orc:2    | Reached skill level 2 in Poison Magic
 31459 | Orc:2    | Found Qaofyps's General Store.
 31534 | Orc:2    | Found Poif Pesuw's Magic Scroll Shop.
 31586 | Orc:2    | Reached skill level 3 in Poison Magic
 31864 | Orc:2    | Bought a scroll of teleportation for 48 gold pieces
 31864 | Orc:2    | Bought a scroll of teleportation for 48 gold pieces
 31864 | Orc:2    | Bought 3 scrolls of teleportation for 144 gold pieces
 31864 | Orc:2    | Bought a scroll of teleportation for 48 gold pieces
 31864 | Orc:2    | Bought a scroll of identify for 32 gold pieces
 31864 | Orc:2    | Bought a scroll of identify for 32 gold pieces
 31870 | Orc:2    | Bought a potion of might for 64 gold pieces
 31870 | Orc:2    | Bought a potion of cancellation for 128 gold pieces
 31870 | Orc:2    | Bought a scroll of poison for 64 gold pieces
 31870 | Orc:2    | Bought a scroll of poison for 64 gold pieces
 31929 | Orc:2    | Reached skill level 4 in Poison Magic
 32015 | Orc:2    | Reached skill level 5 in Poison Magic
 32064 | Orc:2    | Reached skill level 6 in Poison Magic
 32077 | Orc:2    | Reached XP level 16. HP: 142/143 MP: 20/20
 32227 | Orc:2    | Reached skill level 7 in Poison Magic
 32338 | Orc:2    | Found Reoneeso's Antique Armour Shoppe.
 32338 | Orc:2    | Found Cuggojig's Jewellery Emporium.
 32339 | Orc:2    | Found a one-way gate leading to the halls of Pandemonium.
 32345 | Orc:2    | Bought a pair of glowing gloves for 285 gold pieces
 32564 | Orc:1    | Killed Jorgrun
 32565 | Orc:1    | Reached skill level 8 in Poison Magic
 32622 | Orc:1    | Paralysed by an orc sorcerer for 5 turns
 32869 | Orc:1    | Reached skill level 9 in Poison Magic
 32896 | Orc:1    | Noticed Ecig's ghost (journeyman DrSh)
 33075 | Orc:1    | Paralysed by an orc sorcerer for 2 turns
 33135 | Orc:1    | Reached skill level 10 in Poison Magic
 33789 | D:2      | Bought a phantom mirror for 440 gold pieces
 34130 | Snake:1  | Entered Level 1 of the Snake Pit
 34321 | Shoals:1 | Entered Level 1 of the Shoals
 35406 | Snake:1  | Reached skill level 11 in Short Blades
 35628 | Snake:1  | Identified the +6 dagger of Hefusch {holy, Str+4}
 35974 | Snake:1  | Identified the ring "Apnuafom" {Fly rF+ MP+9 Slay+3}
 36174 | Snake:1  | Reached skill level 12 in Short Blades
 36590 | Snake:2  | Noticed Aizul
 36879 | Snake:1  | magus.rc [v1.9.6]
 37470 | Shoals:1 | Reached skill level 4 in Evocations
 37797 | Shoals:1 | Reached skill level 13 in Short Blades
 37943 | Shoals:1 | Reached skill level 5 in Evocations
 38248 | Shoals:1 | Reached XP level 17. HP: 119/149 MP: 22/22
 38721 | Shoals:1 | You pick up a book of Party Tricks and begin reading...
 38721 | Shoals:1 | You add the spells Apportation, Jinxbite and Alistair's
                  | Intoxication to your library.
 39010 | Shoals:2 | Reached skill level 6 in Evocations
 39242 | Shoals:2 | Learned a level 3 spell: Mephitic Cloud
 39372 | Shoals:2 | Noticed a kraken
 40378 | Shoals:2 | Reached skill level 7 in Evocations
 40699 | Shoals:2 | HP: 26/149 [tentacle[a kraken] (16)]
 41133 | Shoals:3 | Reached skill level 14 in Short Blades
 41320 | Shoals:3 | Noticed a kraken
 41366 | Shoals:3 | Noticed Mlioglotl
 41384 | Shoals:3 | Killed Mlioglotl
 41532 | Shoals:3 | Reached skill level 8 in Evocations
 41670 | Shoals:3 | Reached skill level 1 in Air Magic
 41709 | Shoals:3 | Reached skill level 3 in Conjurations
 41721 | Shoals:3 | Reached skill level 2 in Air Magic
 42037 | Shoals:3 | Reached skill level 3 in Air Magic
 42130 | Shoals:3 | Reached skill level 4 in Conjurations
 42542 | Shoals:4 | Entered Level 4 of the Shoals
 42598 | Shoals:3 | Bought a book of Blood for 532 gold pieces
 42598 | Shoals:3 | You pick up a book of Blood and begin reading...
 42598 | Shoals:3 | You add the spells Sublimation of Blood, Wereblood and
                  | Summon Hydra to your library.
 42601 | Shoals:3 | Learned a level 2 spell: Wereblood
 42882 | Shoals:4 | Reached skill level 1 in Transmutations
 42936 | Shoals:4 | Reached skill level 2 in Transmutations
 43032 | Shoals:4 | Reached skill level 3 in Transmutations
 43165 | Shoals:4 | You add the spells Malign Gateway and Summon Horrible
                  | Things to your library.
 43225 | Shoals:4 | Reached skill level 4 in Transmutations
 43428 | Shoals:4 | Reached skill level 5 in Transmutations
 44105 | Shoals:4 | Reached skill level 4 in Spellcasting
 44105 | Shoals:4 | Reached skill level 6 in Transmutations
 44173 | Shoals:4 | Got a barnacled rune of Zot
 44289 | Shoals:4 | Reached skill level 5 in Spellcasting
 44453 | Shoals:4 | Noticed a kraken
 44559 | Shoals:4 | Identified the ring of Rumaticu {rElec MP+9}
 44722 | Shoals:4 | Reached skill level 6 in Spellcasting
 44750 | Shoals:4 | Reached XP level 18. HP: 157/157 MP: 27/27
 44953 | Lair:3   | magus.rc [v1.9.6]
 45076 | Snake:1  | Killed Aizul
 46049 | Snake:2  | Reached skill level 14 in Fighting
 46123 | Snake:2  | Found Maelac's Armour Emporium.
 46263 | Snake:2  | Found Iqaebenn's Jewellery Boutique.
 46265 | Snake:2  | Found Hubisoclott's Book Emporium.
 46266 | Snake:2  | Found Neixkej's Jewellery Boutique.
 46855 | Snake:3  | Reached skill level 4 in Air Magic
 46928 | Snake:3  | Reached skill level 5 in Conjurations
 47277 | Snake:3  | Reached skill level 5 in Air Magic
 47583 | Snake:3  | Reached skill level 6 in Conjurations
 47880 | Snake:3  | Reached skill level 6 in Air Magic
 47952 | Snake:4  | Entered Level 4 of the Snake Pit
 48333 | Snake:4  | Noticed Agnes
 48340 | Snake:4  | Killed Agnes
 48795 | D:15     | Bought a Trismegistus Codex for 390 gold pieces
 48795 | D:15     | You add the spells Ignite Poison and Freezing Cloud to your
                  | library.
 48801 | D:15     | Learned a level 5 spell: Freezing Cloud
 48805 | D:15     | Learned a level 3 spell: Ignite Poison
 49134 | Snake:3  | Reached skill level 7 in Air Magic
 49153 | Snake:4  | Reached skill level 7 in Conjurations
 49504 | Snake:2  | Bought the +1 cloak of Pocvola {+Inv Int+3} for 506 gold
                  | pieces
 51149 | Snake:4  | Reached skill level 8 in Conjurations
 51149 | Snake:4  | Reached skill level 8 in Air Magic
 51437 | Snake:4  | Reached skill level 7 in Ice Magic
 51635 | Snake:4  | Reached skill level 8 in Ice Magic
 51934 | Snake:4  | You add the spells Ignition and Discord to your library.
 51982 | Snake:4  | Reached XP level 19. HP: 167/167 MP: 28/28
 52024 | Snake:4  | Got a serpentine rune of Zot
 52535 | Vaults:1 | Entered Level 1 of the Vaults
 52687 | Vaults:1 | Found a flickering gateway to a bazaar.
 52764 | Bazaar   | Entered a bazaar
 52774 | Bazaar   | Found Neheen's Armour Emporium.
 52781 | Bazaar   | Found Hamedalu's Book Shoppe.
 52806 | Bazaar   | Found Sulass's Weapon Emporium.
 52808 | Bazaar   | Found Bogoff's Antique Armour Shoppe.
 52815 | Bazaar   | Found Cakifaa's Armour Boutique.
 52860 | Bazaar   | Bought a book of Alchemy for 364 gold pieces
 52860 | Bazaar   | You pick up a book of Alchemy and begin reading...
 52860 | Bazaar   | You add the spells Petrify and Irradiate to your library.
 53075 | D:13     | Learned a level 5 spell: Irradiate
 53347 | Vaults:1 | You pick up a book of Frost and begin reading...
 53586 | Vaults:1 | Reached skill level 9 in Air Magic
 53593 | Vaults:1 | Reached skill level 9 in Conjurations
 53845 | Vaults:1 | Identified the ring "Oniamad" {rC+ rN+ EV+5}
 54272 | Vaults:1 | HP: 32/167 [dire elephant (30)]
 55276 | Vaults:2 | Reached skill level 7 in Transmutations
 55277 | Vaults:2 | Reached skill level 7 in Spellcasting
 55731 | Vaults:2 | Identified a +1 crystal plate armour
 55731 | Vaults:2 | Noticed Donald
 56017 | Vaults:2 | Found Hamudgh's Distillery.
 56024 | Vaults:2 | Bought a potion of haste for 190 gold pieces
 56024 | Vaults:2 | Bought a potion of haste for 190 gold pieces
 56024 | Vaults:2 | Bought a potion of cancellation for 152 gold pieces
 56060 | Vaults:2 | Reached skill level 10 in Conjurations
 56060 | Vaults:2 | Reached skill level 10 in Air Magic
 56272 | Vaults:2 | Reached skill level 8 in Spellcasting
 56716 | Vaults:2 | Found Joedubra's Weapon Emporium.
 57046 | Vaults:2 | Killed Donald
 57078 | Vaults:2 | d - a +1 crystal plate armour {rare=g}
 57113 | Vaults:2 | Reached skill level 9 in Ice Magic
 57264 | Vaults:2 | Found a staircase to the Crypt.
 57561 | Vaults:2 | Reached skill level 10 in Ice Magic
 57853 | Vaults:2 | Found Doxaluep's Weapon Shop.
 57861 | Vaults:2 | Bought the +4 rapier "Ogre's Death Toll" {heavy, Will+} for
                  | 557 gold pieces
 57985 | Vaults:2 | Noticed Jory
 57997 | Vaults:2 | Killed Jory
 58245 | Vaults:3 | Reached XP level 20. HP: 177/177 MP: 32/32
 58269 | Vaults:3 | Reached skill level 15 in Fighting
 59031 | Vaults:3 | Reached skill level 13 in Shields
 59241 | Vaults:3 | Identified the +9 mace of the Riding Hero {pain, Str+3
                  | Dex+4}
 59718 | Vaults:3 | Reached skill level 14 in Shields
 60965 | Vaults:4 | Reached skill level 15 in Shields
 60978 | Vaults:4 | Noticed Mennas
 61189 | Vaults:4 | Reached skill level 8 in Transmutations
 61393 | Vaults:4 | Reached skill level 11 in Conjurations
 62006 | Vaults:5 | Entered Level 5 of the Vaults
 62294 | Elf:1    | Entered Level 1 of the Elven Halls
 62872 | Elf:1    | Reached skill level 12 in Conjurations
 63338 | Elf:1    | Reached XP level 21. HP: 180/184 MP: 33/33
 63345 | Elf:1    | Reached skill level 9 in Spellcasting
 63986 | Elf:1    | Reached skill level 10 in Spellcasting
 64869 | Elf:1    | Bought a pair of heavily runed gloves for 294 gold pieces
 64869 | Elf:1    | Identified the +2 pair of gloves of Tedum {Int+4} (You
                  | bought it in a shop on level 1 of the Elven Halls)
 64968 | Elf:1    | Upgraded the game from 0.31-a0-868-g674d60d6f7 to
                  | 0.31-a0-875-g02e7d12df6
 64968 | Elf:1    | magus.rc [v1.9.6]
 65042 | Elf:2    | Paralysed by an air elemental for 1 turns
 65481 | Elf:2    | Found a runed translucent gate.
 65481 | Elf:2    | Found a runed translucent gate.
 65481 | Elf:2    | Found a runed translucent gate.
 65750 | Elf:3    | Entered Level 3 of the Elven Halls
 65900 | Elf:3    | Identified the +7 dagger of Righteous Fury {drain, rC+++
                  | Will+ Int+2 Stlth-}
 66142 | Elf:3    | Reached skill level 16 in Fighting
 66211 | Elf:3    | Found Zontynk's Weapon Boutique.
 66756 | Elf:3    | Reached skill level 15 in Dodging
 67513 | Elf:3    | Identified the ring "Qunysu" {Ice rPois Str-3 Dex+6 Slay+2
                  | SInv}
 67604 | Elf:3    | magus.rc [v1.9.6]
 67650 | Elf:3    | Identified the +8 halberd "Inesm" {protect, rF++ rC+ rCorr
                  | SInv}
 67867 | Elf:3    | You add the spells Summon Lightning Spire and Summon Mana
                  | Viper to your library.
 67867 | Elf:3    | Got a whispering book
 67871 | Elf:3    | You pick up a book of Blasting and begin reading...
 67871 | Elf:3    | You add the spells Volatile Blastmotes, Fulminant Prism and
                  | Iskenderun's Mystic Blast to your library.
 67873 | Elf:3    | Identified the +6 dagger of Indomitability {venom, rElec
                  | rPois Dex+5 Stlth-}
 67880 | Elf:3    | Identified the +9 dagger of Okawaru, Shimmering {protect,
                  | *Rage rC+++ Str-3 Dex+4}
 67884 | Elf:3    | Identified the +3 hand axe of the Wilderness {heavy,
                  | Fragile Will+ Int+9}
 67887 | Elf:3    | Identified the +4 shortbow of Ravage {speed, rPois Will++
                  | Dex+2}
 67890 | Elf:3    | You pick up a book of Flames and begin reading...
 67890 | Elf:3    | You add the spells Inner Flame, Sticky Flame and Flame Wave
                  | to your library.
 67894 | Elf:3    | You pick up a book of Blood and begin reading...
 67897 | Elf:3    | Identified the staff of the Prophets {rElec rPois Will+
                  | Dex+3 Air}
 67911 | Elf:3    | Identified the staff of Laceration {rElec Int+2 Earth}
 67923 | Elf:3    | Identified the +1 war axe of Docafet {freeze, +Blink}
 68346 | Crypt:1  | Entered Level 1 of the Crypt
 68425 | Crypt:1  | You add the spells Borgnjor's Vile Clutch and Eringya's
                  | Noxious Bog to your library.
 68443 | Crypt:1  | You pick up a book of Dangerous Friends and begin
                  | reading...
 68443 | Crypt:1  | You add the spells Summon Guardian Golem, Orb of
                  | Destruction and Spellforged Servitor to your library.
 68463 | Crypt:1  | Reached skill level 17 in Fighting
 68508 | Crypt:1  | Learned a level 5 spell: Yara's Violent Unravelling
 68565 | Crypt:1  | Identified the +1 rapier of the Snake Pit {heavy, rF+ Str+2
                  | Dex-4}
 68858 | Crypt:1  | Noticed a curse skull
 69424 | Depths:1 | Entered Level 1 of the Depths
 69910 | Depths:1 | You pick up a book of Blood and begin reading...
 69987 | Depths:1 | Found a gateway to Hell.
 70536 | Depths:1 | Reached XP level 22. HP: 187/200 MP: 36/36
 70551 | Depths:1 | Reached skill level 16 in Dodging
 70718 | Depths:2 | Found a one-way gateway to a ziggurat.
 71000 | Depths:2 | Noticed a juggernaut
 71072 | Depths:2 | Learned a level 1 spell: Apportation
 71414 | Depths:2 | Killed a juggernaut
 71600 | Depths:1 | Acquired the +1 cloak of Starlight {*Dazzle EV+4 Stlth--}
 71600 | Depths:1 | Found the +1 cloak of Starlight {*Dazzle EV+4 Stlth--}
 71643 | Depths:1 | Reached skill level 18 in Fighting
 71817 | Depths:2 | Found the +10 dark maul {heavy}
 72579 | Depths:2 | Identified the +0 halberd of Dissatisfaction {flame, rCorr
                  | Dex+3}
 72641 | Depths:2 | Reached skill level 17 in Dodging
 72721 | Depths:2 | You pick up a book of Ice and begin reading...
 72721 | Depths:2 | You add the spells Ozocubu's Refrigeration and Polar Vortex
                  | to your library.
 73488 | Depths:3 | Noticed a golden dragon
 73515 | Depths:3 | Killed a golden dragon
 73516 | Depths:3 | Noticed a caustic shrike
 73523 | Depths:3 | Reached skill level 18 in Dodging
 73529 | Depths:3 | Killed a caustic shrike
 74007 | Depths:3 | Found Gauwodgh's Jewellery Emporium.
 75244 | Depths:4 | Entered Level 4 of the Depths
 75308 | Depths:4 | Reached skill level 19 in Fighting
 75308 | Depths:4 | Reached XP level 23. HP: 213/213 MP: 37/37
 75683 | Depths:4 | Found Deasoil's Armour Shoppe.
 75878 | Depths:4 | You pick up a book of the Warp and begin reading...
 76246 | Depths:4 | Noticed a juggernaut
 76256 | Depths:4 | Killed a juggernaut
 76257 | Depths:4 | Reached skill level 19 in Dodging
 76258 | Depths:4 | Noticed a juggernaut
 76289 | Depths:4 | Killed a juggernaut
 76484 | Depths:4 | Found a gate to the Realm of Zot.
 77109 | Depths:4 | magus.rc [v1.9.6]
 78005 | Vaults:4 | You pick up a book of Conjurations {@e2} and begin
                  | reading...
 78220 | Vaults:4 | Reached skill level 20 in Fighting
 78726 | Vaults:4 | Reached skill level 20 in Dodging
 78900 | Vaults:5 | Reached skill level 1 in Hexes
 78989 | Vaults:4 | Reached skill level 2 in Hexes
 79450 | Vaults:5 | Reached skill level 3 in Hexes
 79462 | Vaults:5 | You pick up a book of Fire and begin reading...
 79470 | Vaults:5 | Identified +0 gold dragon scales
 79566 | Vaults:5 | Noticed Sojobo
 79714 | Vaults:5 | Reached skill level 4 in Hexes
 79871 | Vaults:5 | Reached skill level 5 in Hexes
 79912 | Vaults:5 | You pick up a book of Ice and begin reading...
 79915 | Vaults:5 | You pick up a book of Burglary and begin reading...
 79915 | Vaults:5 | You add the spells Passwall, Ensorcelled Hibernation and
                  | Swiftness to your library.
 79979 | Vaults:5 | Learned a level 3 spell: Swiftness
 80102 | Vaults:5 | Reached skill level 6 in Hexes
 80221 | Vaults:5 | Noticed a juggernaut
 80222 | Vaults:5 | a juggernaut changed into a rockslime
 80226 | Vaults:5 | a rockslime changed into a juggernaut
 80226 | Vaults:5 | Noticed a juggernaut (glowing shapeshifter)
 80232 | Vaults:5 | a juggernaut changed into a caustic shrike
 80232 | Vaults:5 | Noticed a caustic shrike (glowing shapeshifter)
 80234 | Vaults:5 | a caustic shrike changed into an iron giant
 80264 | Vaults:5 | Paralysed by a sphinx for 2 turns
 80910 | Vaults:5 | Reached skill level 7 in Hexes
 80911 | Vaults:5 | Gained mutation: You occasionally shout uncontrollably at
                  | your foes. [mutagenic glow]
 80917 | Vaults:5 | Reached skill level 9 in Transmutations
 81262 | Vaults:5 | Noticed a dread lich
 81275 | Vaults:5 | Killed a dread lich
 81276 | Vaults:5 | Reached XP level 24. HP: 220/224 MP: 37/37
 81308 | Vaults:5 | a titan changed into a shard shrike
 81308 | Vaults:5 | Noticed a shard shrike (glowing shapeshifter)
 81311 | Vaults:5 | a shard shrike changed into a glowing shapeshifter
 81319 | Vaults:5 | Reached skill level 8 in Hexes
 81341 | Vaults:5 | Reached skill level 1 in Long Blades
 81405 | Vaults:5 | Reached skill level 2 in Long Blades
 81496 | Vaults:5 | Noticed an ancient lich
 81520 | Vaults:5 | Killed an ancient lich
 81521 | Vaults:5 | Reached skill level 3 in Long Blades
 81694 | Vaults:5 | Reached skill level 4 in Long Blades
 81807 | Vaults:5 | Reached skill level 5 in Long Blades
 81911 | Vaults:5 | Reached skill level 6 in Long Blades
 82030 | Vaults:5 | Killed Sojobo
 82033 | Vaults:5 | Reached skill level 7 in Long Blades
 82343 | Vaults:5 | Identified the +8 trident "Iduacedanu" {antimagic, Fragile
                  | Will+ SInv}
 82402 | Vaults:5 | Reached skill level 8 in Long Blades
 83242 | Vaults:5 | Identified the ring of the Rescuing Souls {rElec rF+ rCorr}
 83286 | Vaults:5 | Got a silver rune of Zot
 83311 | Vaults:5 | Bought the +3 pair of gauntlets of War {Slay+5} for 997
                  | gold pieces
 83311 | Vaults:5 | Found the +3 pair of gauntlets of War {Slay+5}
 83322 | Vaults:5 | Bought a potion of cancellation for 168 gold pieces
 83393 | Vaults:3 | Killed Mennas
 83394 | Vaults:3 | Reached skill level 9 in Long Blades
 83713 | D:4      | Killed t4s4d4r's ghost
 84029 | Vaults:2 | Bought a potion of might for 76 gold pieces
 84229 | D:8      | Bought a potion of mutation for 248 gold pieces
 84229 | D:8      | Bought a phial of floods for 1240 gold pieces
 84486 | Zot:1    | Entered Level 1 of the Realm of Zot
 84490 | Depths:4 | magus.rc [v1.9.6]
 85080 | Crypt:2  | You pick up a book of Necromancy and begin reading...
 85080 | Crypt:2  | You add the spells Necrotise, Vampiric Draining and Agony
                  | to your library.
 85309 | Crypt:2  | Paralysed by a vampire knight for 4 turns
 85331 | Crypt:2  | Reached skill level 10 in Long Blades
 85810 | Crypt:2  | Reached skill level 11 in Long Blades
 86010 | Crypt:3  | Entered Level 3 of the Crypt
 86635 | Crypt:3  | Found an ancient bone altar of Kikubaaqudgha.
 86824 | Crypt:3  | Noticed a dread lich
 86851 | Crypt:3  | Killed a dread lich
 86852 | Crypt:3  | Reached skill level 16 in Shields
 86925 | Crypt:3  | Identified the +10 spear of the Depths {holy, rPois rF+
                  | rC+}
 86931 | Crypt:3  | Identified the ring "Soegh" {rC++ rN+ Int+3}
 86931 | Crypt:3  | Identified the ring of Worcheupn {rF++ rN+ Int-5}
 86938 | Crypt:3  | Got a gaudy book
 87303 | Crypt:3  | Noticed Frederick
 87312 | Crypt:3  | Killed Frederick
 87381 | Crypt:3  | Found a staircase to the Tomb.
 87518 | Crypt:3  | You pick up a book of Party Tricks and begin reading...
 87788 | Crypt:3  | Reached skill level 17 in Shields
 88092 | Crypt:3  | Noticed a curse skull
 88127 | Crypt:3  | Killed a curse skull
 88239 | Crypt:3  | Noticed a curse skull
 88275 | Crypt:3  | Killed a curse skull
 88330 | Crypt:3  | You pick up a book of Ice and begin reading...
 88332 | Crypt:3  | You pick up a book of the Warp and begin reading...
 88597 | Zig:1    | Entered Level 1 of a ziggurat
 88616 | Zig:2    | Entered Level 2 of a ziggurat
 88674 | Zig:3    | Entered Level 3 of a ziggurat
 88676 | Zig:3    | Paralysed by an air elemental for 1 turns
 88678 | Zig:3    | Reached XP level 25. HP: 227/231 MP: 37/37
 88732 | Zig:3    | You pick up a book of Debilitation and begin reading...
 88732 | Zig:3    | You add the spells Slow, Sigil of Binding and Confusing
                  | Touch to your library.
 88743 | Zig:4    | Entered Level 4 of a ziggurat
 88955 | Zig:4    | Identified the +6 trident of Gisch {venom, *Corrode rF+
                  | Int+5}
 88982 | Zig:5    | Entered Level 5 of a ziggurat
 88985 | Zig:5    | Identified a potion of experience
 88992 | Zig:5    | Noticed a royal mummy
 89013 | Zig:5    | Killed a royal mummy
 89038 | Zig:5    | Reached XP level 26. HP: 110/242 MP: 27/37
 89273 | Zig:5    | You pick up a book of Changes and begin reading...
 89369 | Zig:6    | Entered Level 6 of a ziggurat
 89511 | Zig:6    | You pick up a book of Burglary and begin reading...
 89520 | Zig:6    | Identified the +1 robe of Sippav {Will++ Int+4 Stlth-}
 89858 | Vaults:5 | w - +0 gold dragon scales {rare}
 90111 | D:13     | your +0 gold dragon scales {rare} glow green for a moment.
 90112 | D:13     | your +1 gold dragon scales {rare} glow green for a moment.
 90113 | D:13     | your +2 gold dragon scales {rare} glow green for a moment.
 90117 | D:13     | You paid a toll of +3 gold dragon scales to enter a
                  | treasure trove
 90118 | Trove    | Entered a treasure trove
 90193 | Trove    | Reached skill level 21 in Fighting
 90193 | Trove    | Reached skill level 18 in Shields
 90193 | Trove    | Reached XP level 27. HP: 250/250 MP: 37/37
 90580 | Zot:1    | Noticed an electric golem
 90669 | Zot:1    | Identified the +10 shortbow of the Endless Expanse {flame,
                  | Contam rF+ Str+3 Dex+4}
 90791 | Zot:1    | Killed an electric golem
 90966 | Zot:2    | Reached skill level 22 in Fighting
 91596 | Zot:5    | Entered Level 5 of the Realm of Zot
 91596 | Zot:5    | Noticed an orb of fire
 91597 | Zot:5    | Gained mutation: You do not regenerate when monsters are
                  | visible. [an orb of fire]
 91608 | Zot:5    | Killed an orb of fire
 91726 | Zot:4    | Noticed Vv
 91750 | Zot:4    | Killed Vv
 91891 | Zot:4    | Reached skill level 21 in Dodging
 92637 | Zot:5    | Lost mutation: You do not regenerate when monsters are
                  | visible. [potion of mutation]
 92637 | Zot:5    | Lost mutation: You occasionally shout uncontrollably at
                  | your foes. [potion of mutation]
 92637 | Zot:5    | Gained mutation: You are partially covered in large bone
                  | plates. (SH +4) [potion of mutation]
 92637 | Zot:5    | Gained mutation: Your tail ends in a sharp venomous barb.
                  | [potion of mutation]
 92675 | Zot:5    | Noticed a dread lich
 92675 | Zot:5    | Noticed an ancient lich
 92683 | Zot:5    | Killed a dread lich
 92691 | Zot:5    | Noticed an electric golem
 92692 | Zot:5    | Noticed a dread lich
 92694 | Zot:5    | Noticed a dread lich
 92694 | Zot:5    | Noticed an orb of fire
 92696 | Zot:5    | Noticed an orb of fire
 92699 | Zot:5    | Killed a dread lich
 92706 | Zot:5    | Killed an electric golem
 92709 | Zot:5    | Killed a dread lich
 92710 | Zot:5    | Reached skill level 22 in Dodging
 92712 | Zot:5    | Killed a dread lich
 92720 | Zot:5    | Killed an orb of fire
 92735 | Zot:5    | Killed an orb of fire
 92867 | Zot:5    | Got the Orb of Zot
 93545 | D:$      | Escaped with the Orb!

Vanquished Creatures
  3 dread liches
  An orb of fire (Zot:5)
  An ancient lich (Vaults:5)
  Mennas (Vaults:3)
  3 juggernauts
  A royal mummy (Zig:5)
  Sojobo (Vaults:5)
  Frederick (Crypt:3)
  Vv (Zot:4)
  A caustic shrike (Depths:3)
  3 golden dragons
  A bone dragon (Depths:4)
  An iron giant (Depths:2)
  A hellephant (Zig:6)
  2 Brimstone Fiends
  An electric golem (Zot:1)
  16 tentacled monstrosities
  14 Orb Guardians
  A walking crystal tome (Depths:3)
  Mlioglotl (Shoals:3)
  A walking earthen tome (Depths:2)
  Jorgrun (Orc:1)
  7 liches
  4 titans (Vaults:5)
  A quicksilver dragon (Vaults:5)
  A walking divine tome (Depths:3)
  A deep elf master archer (Elf:3)
  4 sphinxes
  A deep elf blademaster (Elf:3)
  A death cob (Zot:2)
  3 ancient champions (Crypt:2)
  An Executioner (D:15)
  2 tentacled starspawn (Abyss:2)
  14 storm dragons
  2 draconian monks (Zot:4)
  7 shadow dragons
  Agnes (Snake:4)
  Aizul (Snake:1)
  12 tengu reavers
  Donald (Vaults:2)
  14 nagarajas (Snake:4)
  4 draconian knights
  3 revenants
  6 iron dragons
  A fenstrider witch (shapeshifter) (Vaults:5)
  11 fire giants
  A ghost moth (Zot:4)
  17 vault wardens
  11 frost giants
  12 deep elf sorcerers
  3 caustic shrike zombies
  6 deep elf elementalists (Elf:3)
  3 draconian scorchers
  7 draconian stormcallers
  3 draconian shifters
  A curse skull (Crypt:3)
  2 ghouls
  A cacodemon (Depths:2)
  29 ironbound preservers
  3 orc warlords
  A quicksilver ooze (shapeshifter) (Vaults:4)
  4 draconian annihilators
  13 stone giants
  3 formless jellyfish
  2 reapers (Crypt:3)
  6 very ugly things (Depths:1)
  4 yellow draconians
  A war gargoyle (Vaults:3)
  A juggernaut skeleton (Crypt:3)
  9 ironbound thunderhulks
  8 deep elf annihilators
  4 elemental wellsprings (Shoals:2)
  8 black draconians
  6 vampire knights
  10 dire elephants
  5 green draconians
  A bunyip (Zig:2)
  A deep elf demonologist (Elf:2)
  5 purple draconians
  5 red draconians
  6 spark wasps
  2 white draconians
  10 eidola
  3 mummy priests
  7 merfolk impalers
  4 fire dragons
  10 deep elf death magi
  A blizzard demon (Depths:1)
  4 entropy weavers
  9 merfolk javelineers
  10 ettins
  8 jiangshi
  Josephine (D:11)
  A quicksilver dragon zombie (Vaults:3)
  6 great orbs of eyes
  7 ice dragons
  4 salamander tyrants
  27 vault guards
  2 spriggan zombies
  6 deep elf high priests
  A peacekeeper (Vaults:4)
  20 yaktaur captains
  2 catoblepae
  An alligator (Zig:2)
  A quicksilver dragon skeleton (Crypt:2)
  7 hydras
  4 ogre magi
  2 spriggan air magi
  4 merfolk avatars
  Harold (D:9)
  2 rakshasas (Depths:2)
  16 centaur warriors
  9 ironbound frosthearts
  9 boulder beetles
  7 anacondas
  2 demonspawn (Orc:2)
  6 death yaks
  4 death knights
  8 deep troll shamans
  A death scarab (Zig:5)
  9 merfolk aquamancers
  4 two-headed ogres
  A satyr (Shoals:4)
  4 vampire magi
  A hell hog (Depths:2)
  20 naga warriors
  15 shock serpents
  3 tengu warriors
  11 orc high priests
  13 dancing weapons
  3 deep troll earth magi
  A thrashing horror (Abyss:2)
  3 titan zombies
  14 naga sharpshooters
  4 soul eaters (Crypt:3)
  12 hell knights (Depths:3)
  12 large abominations
  Sonja (Orc:2)
  20 deep elf knights
  13 sun demons
  6 salamander mystics
  10 skeletal warriors
  10 iron trolls
  A sixfirhy (Orc:2)
  20 sea snakes
  A golden dragon zombie (Crypt:1)
  7 skysharks
  A spriggan druid (Zig:6)
  Lodul (D:14)
  4 naga ritualists
  4 shadow wraiths
  91 deep trolls
  4 glowing orange brains
  6 flayed ghosts
  An orb spider (shapeshifter) (Vaults:5)
  A golden dragon skeleton (Crypt:3)
  An anaconda zombie (Crypt:3)
  A storm dragon skeleton (Crypt:3)
  A lindwurm (Lair:2)
  18 phantasmal warriors
  A tengu zombie (Zig:5)
  3 wizards
  17 necromancers
  9 orc knights
  15 deep elf archers
  14 harpies
  28 deep elf zephyrmancers
  A mana viper (shapeshifter) (Vaults:5)
  22 ugly things
  29 deep elf pyromancers
  7 starcursed masses
  14 ironbound convokers
  4 mana vipers
  A stone giant zombie (Crypt:3)
  A wolf spider (D:15)
  7 orc sorcerers
  5 fauns
  9 cyclopes
  A cyclops (shapeshifter) (Vaults:5)
  6 elephants
  13 salamanders
  17 moths of wrath
  19 manticores
  A human skeleton (Vaults:3)
  16 naga magi
  18 vault sentinels
  24 black mambas
  4 merfolk sirens
  A naga zombie (Crypt:3)
  11 guardian serpents
  A smoke demon (Depths:2)
  An eleionoma skeleton (Crypt:2)
  A torpor snail (shapeshifter) (Vaults:5)
  12 cane toads
  5 dire elephant zombies (Crypt:3)
  A centaur zombie (Crypt:3)
  Maurice (D:9)
  3 orange demons
  A torpor snail (Zig:6)
  A centaur skeleton (Crypt:3)
  Maggie (D:7)
  3 eyes of devastation
  An alligator snapping turtle zombie (Crypt:2)
  A dire elephant skeleton (Crypt:3)
  6 water nymphs
  Psyche (D:9)
  2 naga skeletons
  3 spectral elves (Elf:1)
  5 freezing wraiths
  A kobold demonologist (D:10)
  3 unseen horrors
  6 komodo dragons
  A hellion (D:6)
  4 rime drakes
  39 yaktaurs
  An alligator snapping turtle skeleton (Abyss:2)
  A green draconian skeleton (Crypt:2)
  3 ice devils
  3 tengu conjurers
  A hydra zombie (Crypt:1)
  A guardian mummy (Crypt:3)
  4 harpy zombies (Crypt:3)
  3 meliai (D:14)
  2 death yak skeletons
  3 red devils
  8 trolls
  A tarantella (shapeshifter) (Elf:1)
  36 merfolk
  14 hellwings
  A shadow dragon simulacrum (Depths:2)
  A hornet (shapeshifter) (Vaults:3)
  5 raiju
  6 wind drakes
  4 hornets
  3 polar bears (Lair:5)
  32 blink frogs
  A harpy skeleton (Crypt:3)
  A raiju (shapeshifter) (Elf:3)
  Prince Ribbit (D:7)
  13 dream sheep
  A human simulacrum (Vaults:3)
  11 snapping turtles
  2 ettin skeletons
  An iron dragon simulacrum (Crypt:1)
  A slime creature (shapeshifter) (Vaults:2)
  3 vampires
  A culicivora (shapeshifter) (Vaults:5)
  15 slime creatures
  34 water elementals
  An ettin zombie (Crypt:1)
  4 air elementals
  2 ynoxinuls
  12 flying skulls
  A spriggan (Lair:3)
  A shadow (D:10)
  13 wraiths
  A yak (shapeshifter) (D:15)
  50 yaks
  5 ushabtiu
  6 wyverns
  A golden eye (shapeshifter) (Elf:2)
  4 fire elementals
  The ghost of t4s4d4r the Cudgeller, an amateur DsFi (D:4)
  3 basilisks
  6 vampire mosquitoes
  A chaos spawn (Depths:1)
  3 redbacks
  39 nagas
  7 wargs
  2 acid dragons
  11 water moccasins
  A sky beast (D:4)
  A floating eye (Depths:3)
  An ice beast (D:7)
  41 orc warriors
  A merfolk skeleton (Crypt:1)
  A swamp dragon zombie (Crypt:2)
  A black bear (shapeshifter) (Elf:2)
  5 boggarts (Vaults:4)
  A blink frog zombie (Crypt:1)
  2 black bears
  3 wolves (Lair:4)
  11 ogres
  14 centaurs
  A hog zombie (Crypt:2)
  6 elf simulacra
  12 small abominations
  A bullfrog (shapeshifter) (D:11)
  6 kobold brigands
  11 bullfrogs
  2 earth elementals
  2 gnoll sergeants
  2 scorpions
  9 wyvern skeletons (Crypt:3)
  6 killer bees
  4 electric eels
  A polar bear skeleton (Crypt:1)
  A crimson imp (Abyss:2)
  6 jellies
  6 hounds
  28 orc priests
  4 iguanas
  24 orc wizards
  5 sleepcaps
  2 mummies
  A howler monkey zombie (Crypt:2)
  8 adders
  19 gnolls
  A howler monkey skeleton (Crypt:2)
  A swamp drake zombie (Crypt:2)
  2 shadow imps
  A white imp (Abyss:2)
  3 ufetubi
  3 worms
  A dart slug (D:4)
  116 orcs
  4 bats
  9 endoplasms
  8 giant cockroaches
  19 goblins
  17 hobgoblins
  5 quokkas
  6 ball pythons
  A dart slug zombie (Crypt:1)
  5 frilled lizards
  A goblin zombie (Crypt:1)
  21 kobolds
  8 rats
2240 creatures vanquished.

Vanquished Creatures (collateral kills)
  3 dread liches (Zot:5)
  An orb of fire (Zot:5)
  A golden dragon (Vaults:5)
  Jory (Vaults:2)
  4 Orb Guardians (Zot:5)
  A curse skull (Crypt:3)
  2 death yaks (D:9)
  A skeletal warrior (D:14)
  A sphinx simulacrum (Depths:2)
  A harpy (Vaults:2)
  A cyclops (D:14)
  2 elephants (Lair:3)
  2 blink frogs (Lair:3)
  A shadow (D:9)
  2 wraiths (D:14)
  2 orc warriors
  A centaur (shapeshifter) (D:14)
  An earth elemental (Elf:1)
  2 orc priests (Orc:1)
  An orc wizard (D:9)
  A gnoll (Orc:1)
  An orc (Orc:1)
33 creatures vanquished.

Vanquished Creatures (others)
  An orb of fire (Zot:5)
  An ancient lich (Zot:5)
  A Killer Klown (Zot:5)
  An electric golem (Zot:5)
  3 Orb Guardians (Zot:5)
  A storm dragon (Zot:5)
  A fire giant (Depths:3)
  A draconian annihilator (Zot:5)
  A purple draconian (Zot:5)
  A white draconian (Zot:5)
  A cyclops (Orc:1)
  A cane toad (Lair:5)
  A troll (Orc:1)
  An orc warrior (Orc:1)
  An ogre (Orc:1)
  An orc priest (Orc:1)
  2 orc wizards (Orc:1)
  11 starspawn tentacles
  9 tentacles (Shoals:2)
40 creatures vanquished.

Grand Total: 2313 creatures vanquished

Table legend:
 A = Non-vault XP
 B = Vault XP
 C = Vault XP percentage of total XP
 D = Non-vault monster count
 E = Vault monster count
 F = Vault count percentage of total count
                 A         B        C        D         E       F
            +---------+---------+-------+---------+---------+-------
      Total |  696195 |  614576 |  46.9 |    1399 |     872 |  38.4
            +---------+---------+-------+---------+---------+-------
        D:1 |      47 |       8 |  14.5 |      28 |       4 |  12.5
        D:2 |      39 |       0 |   0.0 |      12 |       0 |   0.0
        D:3 |     134 |       1 |   0.7 |      30 |       1 |   3.2
        D:4 |     368 |     614 |  62.5 |      14 |      21 |  60.0
        D:5 |     562 |       0 |   0.0 |      20 |       0 |   0.0
        D:6 |     463 |       0 |   0.0 |       9 |       0 |   0.0
        D:7 |    2487 |     660 |  21.0 |      29 |       2 |   6.5
        D:8 |     493 |       0 |   0.0 |      16 |       0 |   0.0
        D:9 |    5311 |    4851 |  47.7 |      30 |      16 |  34.8
       D:10 |    5307 |    1838 |  25.7 |      48 |      10 |  17.2
       D:11 |    4552 |    2286 |  33.4 |      20 |       3 |  13.0
       D:12 |    3159 |       0 |   0.0 |      17 |       0 |   0.0
       D:13 |    2711 |       0 |   0.0 |       7 |       0 |   0.0
       D:14 |   18058 |    7491 |  29.3 |      38 |      27 |  41.5
       D:15 |    8149 |    9550 |  54.0 |      21 |      13 |  38.2
     Lair:1 |    3662 |       0 |   0.0 |      10 |       0 |   0.0
     Lair:2 |   14073 |     326 |   2.3 |      31 |       2 |   6.1
     Lair:3 |   14035 |     456 |   3.1 |      44 |       2 |   4.3
     Lair:4 |    4920 |    2725 |  35.6 |      17 |      12 |  41.4
     Lair:5 |    7614 |    6593 |  46.4 |      24 |      16 |  40.0
   Shoals:1 |   17945 |    5616 |  23.8 |      38 |       9 |  19.1
   Shoals:2 |    9183 |    4731 |  34.0 |      19 |       7 |  26.9
   Shoals:3 |   16316 |    3199 |  16.4 |      33 |       3 |   8.3
   Shoals:4 |   15042 |   18423 |  55.1 |      34 |      32 |  48.5
    Snake:1 |   11728 |    7989 |  40.5 |      30 |      11 |  26.8
    Snake:2 |   15866 |       0 |   0.0 |      29 |       0 |   0.0
    Snake:3 |   17536 |    3743 |  17.6 |      35 |       8 |  18.6
    Snake:4 |   19075 |   31178 |  62.0 |      34 |      33 |  49.3
      Orc:1 |    6458 |    7664 |  54.3 |      50 |      16 |  24.2
      Orc:2 |    2399 |   18239 |  88.4 |      33 |      62 |  65.3
      Elf:1 |   26348 |   19171 |  42.1 |      45 |      33 |  42.3
      Elf:2 |   13819 |    1649 |  10.7 |      24 |       2 |   7.7
      Elf:3 |   30282 |   26557 |  46.7 |      45 |      23 |  33.8
   Vaults:1 |   23075 |    9310 |  28.7 |      32 |      10 |  23.8
   Vaults:2 |   20149 |   43925 |  68.6 |      26 |      53 |  67.1
   Vaults:3 |   18905 |   41172 |  68.5 |      26 |      60 |  69.8
   Vaults:4 |   24056 |   46934 |  66.1 |      32 |      57 |  64.0
   Vaults:5 |   23209 |   98956 |  81.0 |      27 |      78 |  74.3
    Crypt:1 |    9570 |       0 |   0.0 |      19 |       0 |   0.0
    Crypt:2 |   30331 |       0 |   0.0 |      41 |       0 |   0.0
    Crypt:3 |       0 |   59987 | 100.0 |       0 |      96 | 100.0
   Depths:1 |   23011 |    3734 |  14.0 |      29 |      16 |  35.6
   Depths:2 |   15355 |   29366 |  65.7 |      19 |      34 |  64.2
   Depths:3 |   48566 |   29277 |  37.6 |      55 |      22 |  28.6
   Depths:4 |   37716 |   13030 |  25.7 |      35 |      11 |  23.9
      Zot:1 |   17217 |       0 |   0.0 |      15 |       0 |   0.0
      Zot:2 |   16083 |       0 |   0.0 |      14 |       0 |   0.0
      Zot:3 |   11615 |       0 |   0.0 |      12 |       0 |   0.0
      Zot:4 |   22170 |    3039 |  12.1 |      17 |       1 |   5.6
      Zot:5 |   23471 |   48468 |  67.4 |      21 |      25 |  54.3
    Abyss:2 |    8520 |       0 |   0.0 |      21 |       0 |   0.0
    Abyss:3 |    3151 |     455 |  12.6 |      12 |       2 |  14.3
      Zig:1 |     946 |       0 |   0.0 |       1 |       0 |   0.0
      Zig:2 |    1871 |       0 |   0.0 |       2 |       0 |   0.0
      Zig:3 |    2965 |       0 |   0.0 |       5 |       0 |   0.0
      Zig:4 |    3360 |       0 |   0.0 |       6 |       0 |   0.0
      Zig:5 |    6652 |       0 |   0.0 |       8 |       0 |   0.0
      Zig:6 |    6090 |       0 |   0.0 |      10 |       0 |   0.0
     Bailey |       0 |    1365 | 100.0 |       0 |      39 | 100.0
            +---------+---------+-------+---------+---------+-------

Skill      XL: |  1  2  3  4  5  6  7  8  9 10 11 12 13 14 15 16 17 18 19 20 21 22 23 24 25 26 27 |
---------------+----------------------------------------------------------------------------------+-----
Stealth        | 1 2 6 9 |  9.0
Fighting       | 2 3 4 7 8 10 11 12 13 14 15 17 19 20 21 22 | 22.0
Spellcasting   | 1 2 3 6 8 10 | 10.0
Ice Magic      | 1 3 4 6 8 10 | 10.0
Conjurations   | 1 2 4 8 10 12 | 12.0
Dodging        | 3 5 6 9 12 14 15 18 20 22 | 22.5
Shapeshifting  | 7 10 | 10.0
Short Blades   | 4 7 8 10 13 14 | 14.0
Shields        | 9 12 15 17 18 | 18.1
Poison Magic   | 6 10 | 10.1
Evocations     | 5 8 |  8.0
Air Magic      | 3 8 10 | 10.0
Transmutations | 6 7 8 9 |  9.0
Hexes          | 7 8 |  8.0
Long Blades    | 11 | 11.1

Action                     |  1- 3 |  4- 6 |  7- 9 | 10-12 | 13-15 | 16-18 | 19-21 | 22-24 | 25-27 || total
---------------------------+-------+-------+-------+-------+-------+-------+-------+-------+-------++-------
  Melee: Club              |    97 |       |       |       |       |       |       |       |       ||    97
         Tailslap          |    23 |    20 |    48 |   182 |   488 |   557 |   514 |   929 |   117 ||  2878
         Rapier            |    30 |       |       |       |   614 |  2138 |  1752 |  2395 |       ||  6929
         Punch             |     1 |       |     5 |    12 |     7 |       |       |       |       ||    25
         Dagger            |    43 |   128 |   258 |   767 |  1351 |       |       |       |       ||  2547
         Maw               |       |       |       |   345 |  1000 |  1005 |   898 |  1563 |   212 ||  5023
         Demon blade       |       |       |       |       |       |       |       |   393 |   427 ||   820
   Fire: Shortbow          |       |       |       |    13 |       |       |       |       |       ||    13
   Cast: Freeze            |     4 |    21 |     1 |       |       |     1 |       |       |       ||    27
         Frozen Ramparts   |       |     7 |    36 |    72 |    60 |    29 |     1 |       |       ||   205
         Hailstorm         |       |     1 |       |     1 |     2 |       |       |       |       ||     4
         Olgreb's Toxic Ra |       |       |       |       |       |    36 |     1 |       |       ||    37
         Mephitic Cloud    |       |       |       |       |       |    10 |   117 |    28 |     2 ||   157
         Wereblood         |       |       |       |       |       |     5 |    10 |    22 |     9 ||    46
         Freezing Cloud    |       |       |       |       |       |    18 |   119 |    67 |    22 ||   226
         Irradiate         |       |       |       |       |       |       |     7 |    48 |    16 ||    71
         Ignite Poison     |       |       |       |       |       |       |    14 |     3 |     2 ||    19
         Apportation       |       |       |       |       |       |       |       |     2 |       ||     2
         Yara's Violent Un |       |       |       |       |       |       |       |    11 |     2 ||    13
 Invoke: Call Merchant     |       |       |       |     3 |     2 |     2 |     2 |     1 |       ||    10
         Bribe Branch      |       |       |       |       |       |       |       |       |     2 ||     2
Ability: Breathe Noxious F |       |       |    28 |    49 |    69 |    83 |    43 |    15 |     1 ||   288
  Evoke: Wand              |     1 |     7 |     9 |    16 |    46 |    30 |    13 |    13 |     3 ||   138
         Box of beasts     |       |       |       |     3 |     4 |     4 |     2 |     5 |     1 ||    19
         Lightning rod     |       |       |       |       |     2 |    14 |    13 |     7 |     4 ||    40
         Phantom mirror    |       |       |       |       |       |     2 |     1 |     3 |     1 ||     7
         Condenser vane    |       |       |       |       |       |     2 |     2 |     5 |     1 ||    10
         Phial of floods   |       |       |       |       |       |       |       |       |     1 ||     1
    Use: Scroll            |       |     5 |     5 |    11 |    24 |     6 |     9 |    14 |    13 ||    87
         Potion            |       |       |       |     3 |     5 |     5 |     1 |     8 |     8 ||    30
   Stab: Sleeping          |     7 |     4 |     2 |     3 |    19 |    37 |    31 |    16 |     6 ||   125
         Confused          |       |       |     9 |    24 |    65 |    85 |    99 |    32 |     1 ||   315
         Distracted        |       |       |     1 |     1 |    21 |    17 |     8 |    21 |     8 ||    77
         Invisible         |       |       |       |       |     3 |       |       |    41 |    12 ||    56
         Betrayed ally     |       |       |       |       |     1 |       |       |       |       ||     1
         Paralysed         |       |       |       |       |       |       |     1 |       |       ||     1
 Armour: Skin              |   112 |    85 |   130 |   372 |   439 |   576 |   513 |   532 |   193 ||  2952
  Dodge: Dodged            |   131 |    77 |   176 |   404 |   893 |   788 |   568 |  1121 |   335 ||  4493
  Block: Kite shield       |       |       |       |       |   658 |  1172 |   820 |  1435 |   345 ||  4430
   Form: Maw               |       |       |       |     1 |       |       |       |       |       ||     1

Illustrated notes

Table legend:
 A = Kills in this place as a percentage of kills in the entire game.
 B = Kills by you in this place as a percentage of kills by you in the entire game.
 C = Kills by friends in this place as a percentage of kills by friends in the entire game.
 D = Other kills in this place as a percentage of other kills in the entire game.
 E = Experience gained in this place as a percentage of experience gained in the entire game.
 F = Experience gained in this place divided by the number of levels of this place that you have seen.
                   A       B       C       D       E      F
               +-------+-------+-------+-------+-------+----------------------
         Total | 100.0 | 100.0 | 100.0 | 100.0 | 100.0 | 21651.2
       Dungeon |  19.4 |  18.7 |  32.3 |  36.6 |   6.5 | 5681.7
          Lair |   6.9 |   6.8 |  12.9 |   7.0 |   4.1 | 10880.8
        Shoals |   7.7 |   7.9 |   0.0 |   5.6 |   6.8 | 22613.8
     Snake Pit |   7.9 |   8.2 |   0.0 |   1.4 |   8.1 | 26778.8
  Orcish Mines |   7.1 |   6.5 |  16.1 |  19.7 |   2.6 | 17380.0
   Elven Halls |   7.5 |   7.8 |   3.2 |   2.8 |   8.9 | 39275.3
        Vaults |  17.6 |  17.7 |   9.7 |  18.3 |  26.5 | 69938.2
         Crypt |   6.8 |   7.1 |   3.2 |   1.4 |   7.6 | 33296.0
        Depths |   9.8 |  10.1 |   3.2 |   2.8 |  15.4 | 50980.5
           Zot |   4.6 |   4.4 |  19.4 |   4.2 |  10.8 | 28412.6
         Abyss |   1.5 |   1.6 |   0.0 |   0.0 |   0.9 | 6063.0
      Ziggurat |   1.4 |   1.5 |   0.0 |   0.0 |   1.7 | 3647.3
        Bailey |   1.7 |   1.8 |   0.0 |   0.0 |   0.1 | 1365.0
               +-------+-------+-------+-------+-------+----------------------

Table legend: (Time is in decaauts)
 A = Elapsed time spent in this place.
 B = Non-inter-level travel time spent in this place.
 C = Inter-level travel time spent in this place.
 D = Time resting spent in this place.
 E = Time spent auto-exploring this place.
 F = Levels seen in this place.
 G = Mean time per level.
                   A        B        C        D        E       F      G
               +--------+--------+--------+--------+--------+-----+--------+
         Total |  89622 |  79504 |  10118 |  17665 |  39294 |  61 | 1469.2 |
       Dungeon |  22898 |  18310 |   4588 |   2942 |  10757 |  15 | 1526.5 |
          Lair |   9768 |   8816 |    952 |   2236 |   4700 |   5 | 1953.6 |
        Shoals |   7320 |   7097 |    223 |   1969 |   3421 |   4 | 1830.0 |
     Snake Pit |   7834 |   6995 |    839 |   1791 |   3144 |   4 | 1958.5 |
  Orcish Mines |   3419 |   3234 |    185 |    381 |   1651 |   2 | 1709.5 |
   Elven Halls |   5601 |   5402 |    199 |   1440 |   2560 |   3 | 1867.0 |
        Vaults |  15451 |  13253 |   2198 |   3742 |   5929 |   5 | 3090.2 |
         Crypt |   4298 |   4117 |    181 |    281 |   2636 |   3 | 1432.7 |
        Depths |   7644 |   6954 |    690 |   1055 |   3757 |   4 | 1911.0 |
           Zot |   2353 |   2295 |     58 |    768 |    400 |   5 |  470.6 |
         Abyss |   1078 |   1078 |      0 |    370 |      0 |   2 |  539.0 |
      Ziggurat |    911 |    911 |      0 |    552 |    118 |   6 |  151.8 |
        Bazaar |    131 |    131 |      0 |      0 |     56 |   1 |  131.0 |
         Trove |     93 |     93 |      0 |      0 |      0 |   1 |   93.0 |
        Bailey |    818 |    818 |      0 |    135 |    164 |   1 |  818.0 |
               +--------+--------+--------+--------+--------+-----+--------+

Top non-repeatable levels by time:
Vaults:2: 3734 daAuts
Vaults:5: 3542 daAuts
    D:14: 3200 daAuts
Vaults:1: 3044 daAuts
  Lair:2: 2879 daAuts
Vaults:4: 2762 daAuts
   Elf:1: 2603 daAuts
     D:9: 2591 daAuts
 Snake:4: 2526 daAuts
Vaults:3: 2367 daAuts
    D:10: 2343 daAuts
 Crypt:3: 2310 daAuts
   Elf:3: 2262 daAuts
 Snake:2: 2145 daAuts
Depths:3: 2024 daAuts
